 Dungeon Crawl Stone Soup version 0.30.1-9-gdf580d7c3d (webtiles) character file.

Game seed: 15146840166921374738

5566657 gildax the Petrodigitator (level 27, 179/179 HPs)
             Began as a Gargoyle Earth Elementalist on Oct 13, 2023.
             Was an Initiate of Gozag.
             Escaped with the Orb
             ... and 12 runes on Oct 20, 2023!
             The game lasted 20:01:16 (251185 turns).

gildax the Petrodigitator (GrEE)                  Turns: 251185, Time: 20:01:17

Health: 179/179    AC: 76    Str: 26    XL:     27
Magic:  68/68      EV: 27    Int: 46    God:    Gozag
Gold:   24288      SH: 30    Dex: 21    Spells: 2/80 levels left

rFire   + + +        C - staff of earth "Qak Xap" {MP+9 Str+4 SInv Stlth-}
rCold   + + +        A - +2 shield of Resistance {rF++ rC++ Will++}
rNeg    + + +        b - +8 orange crystal plate armour {Archmagi, Int+3 Clar}
rPois   ∞            R - +1 helmet "Tabbuy Ygyz" {Dex+7}
rElec   +            L - +1 cloak "Maats" {Will++ Int+2 SInv}
rCorr   +            i - +3 pair of gauntlets of War {Slay+5}
SInv    +            I - +1 pair of boots "Gainnis" {rN+ rCorr}
Will    +++++        a - amulet "Nowuobb" {Reflect rPois rN+ Int+10 SH+5}
Stlth   +            l - ring of Tiufydd {rF+ rC+ EV+5 Str+2 Int+3}
HPRegen 0.49/turn    T - ring of Wehiong {rF+ rN+ Str+6 Int+4}
MPRegen 0.41/turn

%: reflection, clarity, archmagi
@: flying, studying 8 skills
A: sickness immunity, AC +20, big wings, negative energy resistance 1,
electricity resistance, torment resistance 1, petrification resistance,
iridescent scales 1, large bone plates 1, deterioration 1, frail 1, high MP 1,
screaming 1, inhibited regeneration, inability to drink after injury 1
0: Orb of Zot
}: 12/15 runes: barnacled, slimy, silver, golden, iron, obsidian, icy, bone,
demonic, glowing, magical, gossamer
a: Renounce Religion, Potion Petition, Call Merchant, Bribe Branch


You escaped.
You worshipped Gozag.
Gozag was extremely pleased with you.
You visited 18 branches of the dungeon, and saw 88 of its levels.
You visited Pandemonium 1 time, and saw 10 of its levels.
You visited the Abyss 1 time.
You visited 4 ziggurats (completing 3), and saw 107 of their levels.
You also visited: Trove.

You collected 116677 gold pieces.
You spent 18431 gold pieces at shops.
You paid 73958 gold pieces to Gozag.

Inventory:

Armour
 b - the +8 orange crystal plate armour (worn) {Archmagi, Int+3 Clar}
   (You acquired it on level 1 of the Lair of Beasts)

   Int:       It affects your intelligence (+3).
   Clar:      It protects you from confusion, rage, mesmerisation and fear.
 i - the +3 pair of gauntlets of War (worn) {Slay+5}
   (You bought it in a shop on level 1 of the Lair of Beasts)

   Slay:      It affects your accuracy & damage with ranged weapons and melee
   (+5).
 A - the +2 shield of Resistance (worn) {rF++ rC++ Will++}
   (You found it on level 1 of the Depths)

   rF:        It greatly protects you from fire.
   rC:        It greatly protects you from cold.
   Will:      It greatly increases your willpower.
 I - the +1 pair of boots "Gainnis" (worn) {rN+ rCorr}
   (You found it on level 3 of the Depths)

   rN:        It protects you from negative energy.
   rCorr:     It protects you from acid and corrosion.
 L - the +1 cloak "Maats" (worn) {Will++ Int+2 SInv}
   (You found it on level 3 of the Depths)

   Int:       It affects your intelligence (+2).
   SInv:      It lets you see invisible.
   Will:      It greatly increases your willpower.
 R - the +1 helmet "Tabbuy Ygyz" (worn) {Dex+7}
   (You found it on level 4 of the Shoals)

   Dex:       It affects your dexterity (+7).
Magical Staves
 C - the staff of earth "Qak Xap" (weapon) {MP+9 Str+4 SInv Stlth-}
   (You found it on level 23 of a ziggurat)

   [staff of earth]

   Base accuracy: +5 Base damage: 5 Base attack delay: 1.2 This weapon's minimum
   attack delay (0.6) is reached at skill level 12.
   Str:       It affects your strength (+4).
   MP:        It affects your magic capacity (+9).
   SInv:      It lets you see invisible.
   Stlth:     It makes you less stealthy.
   It falls into the 'Staves' category.
   It is a one-handed weapon.
Jewellery
 a - the amulet "Nowuobb" (around neck) {Reflect rPois rN+ Int+10 SH+5}
   (You acquired it on level 16 of a ziggurat)

   [amulet of reflection]

   It reflects blocked missile attacks.
   Int:       It affects your intelligence (+10).
   rPois:     It protects you from poison.
   rN:        It protects you from negative energy.
   SH:        It affects your SH (+5).
 l - the ring of Tiufydd (left hand) {rF+ rC+ EV+5 Str+2 Int+3}
   (You found it on level 25 of a ziggurat)

   [ring of evasion]

   EV:        It affects your evasion (+5).
   Str:       It affects your strength (+2).
   Int:       It affects your intelligence (+3).
   rF:        It protects you from fire.
   rC:        It protects you from cold.
 T - the ring of Wehiong (right hand) {rF+ rN+ Str+6 Int+4}
   (You found it on level 22 of a ziggurat)

   [ring of strength]

   Str:       It affects your strength (+6).
   Int:       It affects your intelligence (+4).
   rF:        It protects you from fire.
   rN:        It protects you from negative energy.
Wands
 c - a wand of mindburst (247)
 r - a wand of charming (268)
 x - a wand of roots (315)
 H - a wand of flame (574)
 O - a wand of polymorph (134)
 U - a wand of digging (128)
 X - a wand of acid (167)
Scrolls
 g - 60 scrolls of fog
 j - 50 scrolls of blinking
 k - 11 scrolls of enchant weapon
 q - 28 scrolls of amnesia
 t - 12 scrolls of fear
 u - 12 scrolls of enchant armour
 z - 10 scrolls of magic mapping
 Q - 89 scrolls of teleportation
Potions
 d - 10 potions of invisibility
 e - 11 potions of brilliance
 f - 7 potions of might
 m - 12 potions of heal wounds
 n - 57 potions of mutation
 o - 34 potions of magic
 p - 8 potions of resistance
 v - a potion of berserk rage
 w - 4 potions of experience
 D - 19 potions of haste
 N - 24 potions of cancellation
 S - 43 potions of curing
 V - 7 potions of ambrosia
Miscellaneous
 h - the horn of Geryon
 Y - a +3 figurine of a ziggurat


   Skills:
 O Level 27 Fighting
 O Level 27 Staves
 O Level 27 Armour
 O Level 27 Dodging
 O Level 27 Stealth
 O Level 27 Shields
 O Level 27 Unarmed Combat
 O Level 27 Spellcasting
 O Level 27 Conjurations
 O Level 27 Summonings
 + Level 15.7 Necromancy
 + Level 25.7 Transmutations
 O Level 27 Fire Magic
 O Level 27 Ice Magic
 O Level 27 Air Magic
 O Level 27 Earth Magic
 + Level 17.5 Evocations


You had 2 spell levels left.
You knew the following spells:

 Your Spells              Type           Power      Damage    Failure   Level
a - Fire Storm            Conj/Fire      84%        8d21      1%          9
b - Summon Horrible Thin  Summ           84%        N/A       1%          8
c - Petrify               Tmut/Erth      100%       N/A       0%          4
d - Iron Shot             Conj/Erth      97%        9d17      0%          6
f - Irradiate             Conj/Tmut      83%        3d39      0%          5
g - Lee's Rapid Deconstr  Erth           97%        3d43*     0%          5
h - Lehudib's Crystal Sp  Conj/Erth      97%        10d21     1%          8
i - Shatter               Erth           97%        3d70*     1%          9
j - Spellforged Servitor  Conj/Summ      84%        N/A       1%          7
k - Swiftness             Air            100%       N/A       0%          3
l - Iskenderun's Battles  Conj           100%       2d15      0%          5
n - Polar Vortex          Ice            84%        N/A       1%          9

Your spell library contained the following spells:

 Spells                   Type           Power      Damage    Failure   Level
 Beastly Appendage        Tmut           100%       N/A       0%          1
 Foxfire                  Conj/Fire      100%       2x1d9     0%          1
 Freeze                   Ice            100%       1d10      0%          1
 Kiss of Death            Conj/Necr      100%       2d13      0%          1
 Magic Dart               Conj           100%       1d8       0%          1
 Necrotise                Necr           100%       1d9       0%          1
 Sandblast                Erth           100%       2d20      0%          1
 Shock                    Conj/Air       100%       1d9       0%          1
 Sting                    Tmut/Pois      100%       1d8       0%          1
 Summon Small Mammal      Summ           100%       N/A       0%          1
 Call Imp                 Summ           100%       N/A       0%          2
 Ensorcelled Hibernation  Hex/Ice        100%       N/A       0%          2
 Momentum Strike          Conj/Tloc      100%       3d10      0%          2
 Passwall                 Tmut/Erth      100%       N/A       0%          2
 Poisonous Vapours        Pois/Air       100%       N/A       0%          2
 Scorch                   Fire           100%       2d9       0%          2
 Searing Ray              Conj           100%       2d8       0%          2
 Static Discharge         Conj/Air       100%       2-7/arc   0%          2
 Wereblood                Tmut           100%       N/A       0%          2
 Apportation              Tloc           100%       N/A       1%          1
 Slow                     Hex            100%       N/A       1%          1
 Blink                    Tloc           100%       N/A       1%          2
 Lesser Beckoning         Tloc           100%       N/A       1%          2
 Call Canine Familiar     Summ           100%       N/A       0%          3
 Dazzling Flash           Conj/Hex       100%       N/A       0%          3
 Frozen Ramparts          Ice            100%       1d16      0%          3
 Hailstorm                Conj/Ice       100%       3d20      0%          3
 Ignite Poison            Fire/Tmut/Pois 100%       N/A       0%          3
 Inner Flame              Hex/Fire       100%       N/A       0%          3
 Mephitic Cloud           Conj/Pois/Air  100%       N/A       0%          3
 Ozocubu's Armour         Ice            100%       N/A       0%          3
 Stone Arrow              Conj/Erth      100%       3d13      0%          3
 Summon Guardian Golem    Hex/Summ       100%       N/A       0%          3
 Vampiric Draining        Necr           100%       2d13      0%          3
 Vhi's Electric Charge    Tloc/Air       100%       N/A       0%          3
 Volatile Blastmotes      Fire/Tloc      100%       2d18      0%          3
 Airstrike                Air            84%        2d(12-28) 0%          4
 Animate Armour           Summ/Erth      100%       N/A       0%          4
 Flame Wave               Conj/Fire      100%       2d21      0%          4
 Ice Form                 Ice/Tmut       100%       N/A       0%          4
 Sticky Flame             Conj/Fire      100%       2d11      0%          4
 Summon Ice Beast         Ice/Summ       100%       N/A       0%          4
 Summon Lightning Spire   Summ/Air       100%       N/A       0%          4
 Arcjolt                  Conj/Air       84%        1d94      0%          5
 Blade Hands              Tmut           82%        N/A       0%          5
 Borgnjor's Vile Clutch   Necr/Erth      91%        N/A       0%          5
 Fireball                 Conj/Fire      84%        3d31      0%          5
 Freezing Cloud           Conj/Ice/Air   84%        6-21      0%          5
 Conjure Ball Lightning   Conj/Air       84%        3x3d32    0%          6
 Plasma Beam              Fire/Air       84%        2x1d111   0%          6
 Starburst                Conj/Fire      84%        6d21      0%          6
 Summon Cactus Giant      Summ           84%        N/A       0%          6
 Spider Form              Tmut/Pois      100%       N/A       1%          3
 Anguish                  Hex/Necr       58%        N/A       1%          4
 Dispel Undead            Necr           100%       3d31      1%          4
 Fulminant Prism          Conj/Hex       68%        3d27      1%          4
 Iskenderun's Mystic Bla  Conj/Tloc      100%       2d19      1%          4
 Leda's Liquefaction      Hex/Erth       80%        N/A       1%          4
 Agony                    Necr           100%       N/A       1%          5
 Alistair's Intoxication  Tmut/Pois      89%        N/A       1%          5
 Metabolic Englaciation   Hex/Ice        68%        N/A       1%          5
 Silence                  Hex/Air        68%        N/A       1%          5
 Summon Forest            Summ/Tloc      68%        N/A       1%          5
 Summon Mana Viper        Hex/Summ       100%       N/A       1%          5
 Yara's Violent Unravell  Hex/Tmut       67%        3d25      1%          5
 Death Channel            Necr           71%        N/A       1%          6
 Eringya's Noxious Bog    Tmut/Pois      67%        N/A       1%          6
 Dragon Form              Tmut           82%        N/A       1%          7
 Haunt                    Necr/Summ      78%        N/A       1%          7
 Monstrous Menagerie      Summ           84%        N/A       1%          7
 Orb of Destruction       Conj           84%        9d19      1%          7
 Ozocubu's Refrigeration  Ice            84%        4d26      1%          7
 Storm Form               Tmut/Air       83%        N/A       1%          7
 Summon Hydra             Summ           84%        N/A       1%          7
 Ignition                 Fire           84%        3d22      1%          8
 Maxwell's Capacitive Co  Air            84%        ∞         1%          8
 Necromutation            Tmut/Necr      77%        N/A       1%          8
 Chain Lightning          Conj/Air       84%        3d112     1%          9
 Dragon's Call            Summ           84%        N/A       1%          9
 Confusing Touch          Hex            75%        N/A       4%          3
 Gell's Gravitas          Tloc           75%        N/A       4%          3
 Portal Projectile        Hex/Tloc       100%       N/A       4%          3
 Teleport Other           Tloc           75%        N/A       4%          3
 Tukima's Dance           Hex            75%        N/A       4%          3
 Malign Gateway           Summ/Tloc      68%        N/A       4%          7
 Cause Fear               Hex            37%        N/A       13%         4
 Manifold Assault         Tloc           75%        N/A       13%         4
 Olgreb's Toxic Radiance  Pois           75%        N/A       13%         4
 Passage of Golubria      Tloc           75%        N/A       13%         4
 Borgnjor's Revivificati  Necr           71%        N/A       14%         8
 Infestation              Necr           71%        N/A       14%         8
 Dispersal                Tloc           37%        N/A       90%         6
 Death's Door             Necr           71%        N/A       91%         9
 Enfeeble                 Hex            37%        N/A       100%        7
 Discord                  Hex            37%        N/A       100%        8
 Disjunction              Tloc           37%        N/A       100%        8
 Cigotuvi's Dreadful Rot  Necr/Pois/Air  Unusable   N/A       N/A         2
 Animate Dead             Necr           Unusable   N/A       N/A         4
 Simulacrum               Ice/Necr       Unusable   N/A       N/A         6

Dungeon Overview and Level Annotations

Branches:
Dungeon (15/15)            Temple (1/1) D:5            Lair (5/5) D:8
 Shoals (4/4) Lair:3       Spider (4/4) Lair:3        Slime (5/5) Lair:5
    Orc (2/2) D:10            Elf (3/3) Orc:2        Vaults (5/5) D:14
  Crypt (3/3) Vaults:3       Tomb (3/3) Crypt:3      Depths (4/4) D:15
   Hell (visited)             Dis (7/7) Hell            Geh (7/7) Hell
    Coc (7/7) Hell            Tar (7/7) Hell            Zot (5/5) Depths:4

Altars:
Ashenzari
Cheibriados
Dithmenos
Elyvilon
Fedhas
Gozag
Hepliaklqana
Kikubaaqudgha
Makhleb
Nemelex Xobeh
Okawaru
Qazlal
Ru
Sif Muna
Trog
Uskayaw
Vehumet
Wu Jian
Xom
Yredelemnul
Zin
The Shining One
Jiyva
Lugonu

Shops:
D:5 :   D:15 *   Orc:2 (:[*   Elf:1 [   Lair:1 (*[([?:?=![:?[[=   Vaults:1 [
Vaults:2 [   Vaults:3 (   Zot:3 *   Depths:2 :

Portals:
Hell: Depths:1 Depths:2 Depths:3 Depths:4
Abyss: Zot:3 Depths:3
Pandemonium: Depths:2 Depths:3

Annotations:
Spider:1 3 runed translucent doors, Peloso's ghost, journeyman MiFi
Vaults:3 1 runed translucent door, Tang's ghost, master DsGl
Crypt:1 2 transporters
Zot:1 3 runed translucent doors, Jofris Vesimp's ghost, legendary GnFE
Zot:3 2 transporters


Innate Abilities, Weirdness & Mutations

You are immune to sickness and miasma.
Your stone body is resilient. (AC +20)
You are immune to poison.
Your large and strong wings let you fly.
You resist negative energy. (rN+)
You are resistant to electric shocks. (rElec)
You are resistant to unholy torment.
You are immune to petrification.
You are partially covered in iridescent scales. (AC +2)
You are partially covered in large bone plates. (SH +4)
Your body sometimes deteriorates upon taking damage.
You are frail. (-10% HP)
You have an increased reservoir of magic. (+10% MP)
You occasionally shout uncontrollably at your foes.
You do not regenerate when monsters are visible.
You occasionally lose the ability to drink potions when taking damage.


Message History

There is a stone staircase leading up here.
You fly upwards.
There is a stone staircase leading down here.
Aiming: Dig
Press: ? - help, Shift-Dir - straight line You can't see that place. [the floor.]
The rock shatters into small pieces.
There is a stone staircase leading up here.
You fly upwards.
There is a stone staircase leading down here.
There is a stone staircase leading up here.
You fly upwards.
There is a stone staircase leading down here.
There is a stone staircase leading down here.
There is an escape hatch in the ceiling here.
A mysterious force pulls you upwards. The hatch slams shut behind you.
You see here 4 stones.
There is a stone staircase leading up here.
You fly upwards.
There is a stone staircase leading down here.
There is a stone staircase leading up here.
You fly upwards.
There is a stone staircase leading down here.
There is a stone staircase leading up here.
You fly upwards.
There is a stone staircase leading down here.
There is a stone staircase leading up here.
You fly upwards.
There is a stone staircase leading down here.
There is a stone staircase leading up here.
You fly upwards.
There is a stone staircase leading down here.
There is a stone staircase leading up here.
You fly upwards.
There is a stone staircase leading down here.
You reach down and open the door.
There is an open door here.
There is a staircase leading out of the dungeon here.
You have escaped!

### ##@## #...###
##.....## #.......###
#.........##
##..........###
#......8......###
#.....##........#####
#.....##.....##.....#


There were no monsters in sight!

Vanquished Creatures
  Antaeus (Coc:7)
  Asmodeus (Geh:7)
  the Royal Jelly (Slime:5)
  Ereshkigal (Tar:7)
  the Serpent of Hell (Dis:7)
  Lom Lobon (Pan)
  Mnoleg (Pan)
  Dispater (Dis:7)
  25 dread liches
  40 orbs of fire
  34 ancient liches
  Mara (Shoals:4)
  Khufu (Tomb:3)
  The ghost of Prykner the Formicid Barricade, a legendary FoFi of the Shining One (Zot:4)
  76 pandemonium lords
  29 juggernauts
  50 royal mummies
  The ghost of Korask the Spawn of Chaos, a legendary GrFi of Makhleb (Zot:3)
  Boris (Depths:3)
  Josephina (Crypt:1)
  Saint Roka (Vaults:1)
  Margery (Vaults:5)
  35 Killer Klowns
  A curse toe (Crypt:3)
  16 shard shrikes
  Bai Suzhen (Spider:3)
  88 caustic shrikes
  A caustic shrike (shapeshifter) (Zig:18)
  Geryon (Hell)
  38 bone dragons
  44 golden dragons
  10 pearl dragons
  25 doom hounds
  25 Brimstone Fiends
  12 profane servitors
  Arachne (Spider:3)
  6 electric golems
  47 iron giants
  27 Tzitzimimeh
  51 tentacled monstrosities
  2 spectral shard shrikes
  36 hellephants
  87 Hell Sentinels
  37 Ice Fiends
  The ghost of Luham the Black Belt, an adept MeMo of Cheibriados (Depths:2)
  Grunn (Depths:4)
  26 Orb Guardians
  14 tainted leviathans
  24 liches
  Asterion (Elf:2)
  36 titans
  43 searing wretches
  A walking earthen tome (Zig:24)
  15 quicksilver dragons
  22 deep elf master archers
  A walking frostbound tome (Zig:17)
  Polyphemus (Shoals:3)
  18 tentacled starspawn
  2 quicksilver dragons (shapeshifter)
  64 ancient champions
  An eldritch tentacle (Pan)
  13 deep elf blademasters
  2 krakens
  78 acid blobs
  2 sphinxes (shapeshifter)
  19 sphinxes
  Frances (Spider:1)
  24 Executioners
  6 death cobs
  2 thorn hunters (Zig:9)
  The ghost of sonasty the Eclecticist, an adept DECj of Vehumet (Shoals:4)
  17 tengu reavers
  5 shadow dragons (shapeshifter)
  Donald (Spider:3)
  20 storm dragons
  9 shadow dragons
  A storm dragon (shapeshifter) (Zig:27)
  Roxanne (Shoals:2)
  6 azure jellies (shapeshifter)
  Ilsuiw (Shoals:3)
  26 frost giants
  66 fire giants
  5 draconian knights
  35 azure jellies
  47 rockslimes
  5 fenstrider witches (shapeshifter)
  27 revenants
  6 fenstrider witches
  22 draconian monks
  55 nagarajas
  2 fire giants (shapeshifter)
  14 narguns
  5 deep elf sorcerers
  55 quicksilver elementals
  19 daevas
  17 iron dragons
  4 frost giants (shapeshifter)
  113 balrugs
  48 emperor scorpions
  18 draconian scorchers
  Louise (Shoals:4)
  22 demonspawn warmongers
  80 ghost moths
  Aizul (Depths:1)
  12 curse skulls
  32 vault wardens
  The ghost of Giaff the Carver, a journeyman DsGl of Makhleb (D:15)
  14 angels
  14 ghouls
  8 shard shrike simulacra
  8 deep elf elementalists
  44 cacodemons
  A caustic shrike zombie (Zig:12)
  40 orc warlords
  2 spectral caustic shrikes
  15 draconian shifters
  24 demonspawn blood saints
  2 quicksilver oozes (shapeshifter)
  19 ironbound preservers
  12 draconian stormcallers
  A spriggan defender (Elf:3)
  32 demonspawn corrupters
  10 draconian annihilators
  42 reapers
  32 quicksilver oozes
  A caustic shrike skeleton (Crypt:3)
  48 stone giants
  75 war gargoyles
  13 broodmothers
  35 very ugly things
  6 apis
  16 ophanim
  7 stone giants (shapeshifter)
  Nessos (Lair:4)
  26 vampire knights
  18 white draconians
  13 black draconians
  27 elemental wellsprings
  10 putrid mouths
  6 ironbound thunderhulks
  30 demonspawn black suns
  3 dire elephants (shapeshifter)
  17 bennus
  16 eleionomae
  16 green draconians
  Azrael (Spider:3)
  13 spark wasps
  An eleionoma (shapeshifter) (Zig:27)
  The ghost of tish the Covert, a journeyman GnDe of Nemelex Xobeh (D:12)
  23 deep elf demonologists
  21 deep elf annihilators
  14 dire elephants
  A bunyip (shapeshifter) (Zig:20)
  31 lorocyprocas
  29 starcursed masses
  12 wendigos
  18 bunyips
  10 red draconians
  A minotaur (shapeshifter) (Zig:27)
  16 yellow draconians
  14 purple draconians
  28 ettins
  Snorg (Lair:3)
  73 entropy weavers
  38 mummy priests
  31 blizzard demons
  18 merfolk javelineers
  24 eidola
  58 green deaths
  5 spectral spriggans
  15 crystal guardians
  17 jiangshi
  29 fire dragons
  27 merfolk impalers
  3 spriggan zombies
  69 iron golems
  21 yaktaur captains
  A great orb of eyes (shapeshifter) (Zig:27)
  15 deep elf high priests
  20 deep elf death magi
  68 hydras
  8 rakshasas
  24 shambling mangroves
  A fenstrider witch zombie (Crypt:2)
  25 great orbs of eyes
  32 vault guards
  69 salamander tyrants
  7 ice dragons
  2 peacekeepers
  14 anacondas
  6 jorogumos
  6 juggernaut simulacra
  15 caustic shrike simulacra
  15 centaur warriors
  6 catoblepae
  15 hell beasts
  9 merfolk avatars
  A spriggan skeleton (Crypt:3)
  7 ghost crabs
  2 jorogumos (shapeshifter) (Zig:27)
  An ice dragon (shapeshifter) (Zig:18)
  12 stokers
  A catoblepas (shapeshifter) (Zig:27)
  3 ogre magi
  6 death yaks
  8 spriggan air magi
  10 alligator snapping turtles
  5 alligator snapping turtles (shapeshifter)
  3 death knights
  Erica (D:8)
  19 alligators
  3 anacondas (shapeshifter)
  5 deep troll shamans
  A satyr (shapeshifter) (Zig:22)
  3 two-headed ogres (shapeshifter)
  11 ironbound frosthearts
  24 merfolk aquamancers
  25 radroaches
  50 dancing weapons
  13 two-headed ogres
  2 alligators (shapeshifter)
  8 naga warriors
  7 satyrs
  28 boulder beetles
  107 death scarabs
  5 tengu warriors
  19 naga sharpshooters
  16 deep troll earth magi
  36 orc high priests
  34 vampire magi
  40 hell hogs
  12 thrashing horrors
  2 spriggan berserkers
  32 soul eaters
  A titan zombie (Zig:22)
  28 shock serpents
  79 sun demons
  6 holy swine (Pan)
  3 shock serpents (shapeshifter)
  24 hell knights
  39 crystal echidnas
  Sonja (Lair:5)
  46 deep elf knights
  2 salamander mystics
  2 titan skeletons
  17 wretched stars
  43 sixfirhies
  A spark wasp zombie (Zig:7)
  25 shadow wraiths
  4 spatial maelstroms
  11 sun moths
  2 fire crabs (shapeshifter)
  16 fire crabs
  37 pharaoh ants
  3 sea snakes (shapeshifter)
  20 goliath frogs
  3 quicksilver dragon simulacra
  56 deep trolls
  23 iron trolls
  22 skeletal warriors
  5 skysharks
  77 large abominations
  29 sea snakes
  19 death drakes
  An iron troll (shapeshifter) (Zig:22)
  6 deep trolls (shapeshifter)
  A golden dragon zombie (Zig:7)
  23 spriggan druids
  A kraken simulacrum (Hell)
  A death drake (shapeshifter) (Zig:24)
  8 naga ritualists
  52 swamp dragons
  72 orb spiders
  27 deep elf archers
  17 flayed ghosts
  3 anaconda zombies
  An orb spider (shapeshifter) (Vaults:4)
  23 wizards
  2 shadow dragon zombies (Zig:22)
  38 steelbarb worms
  2 golden dragon skeletons
  8 orange crystal statues
  15 glowing orange brains
  2 glowing orange brains (shapeshifter)
  15 lindwurms
  16 shadow demons
  10 cherubim
  6 obsidian statues
  10 bog bodies
  2 anaconda skeletons
  2 steelbarb worms (shapeshifter)
  4 lindwurms (shapeshifter)
  28 phantasmal warriors
  38 harpies
  47 deep elf zephyrmancers
  6 necromancers
  3 spriggan simulacra
  49 deep elf pyromancers
  A fenstrider witch simulacrum (Crypt:1)
  Pikel (D:7)
  2 tengu zombies
  3 mana vipers (shapeshifter)
  29 ironbound convokers
  A sphinx zombie (Zig:22)
  50 ugly things
  24 orc knights
  8 mana vipers
  26 orc sorcerers
  2 iron dragon zombies
  A nameless horror (Zig:13)
  22 cyclopes
  3 manticores (shapeshifter)
  30 manticores
  24 fauns
  A sphinx skeleton (Zig:12)
  A shadow dragon skeleton (Crypt:1)
  18 shining eyes
  A jorogumo skeleton (Crypt:1)
  A fire giant zombie (Zig:7)
  4 worldbinders
  66 wolf spiders
  A cyclops (shapeshifter) (Zig:27)
  3 shining eyes (shapeshifter)
  13 elephants
  5 human skeletons
  81 moths of wrath
  A spectral alligator snapping turtle (Tar:2)
  16 will-o-the-wisps
  3 salamanders
  An elephant (shapeshifter) (Vaults:5)
  15 guardian serpents
  2 wolf spiders (shapeshifter)
  A guardian serpent (shapeshifter) (Zig:20)
  Joseph (D:8)
  17 merfolk sirens
  5 rust devils
  65 black mambas
  3 water nymphs (shapeshifter)
  A fire giant skeleton (Crypt:2)
  11 ice statues
  2 stone giant skeletons (Vaults:3)
  16 naga magi
  12 eyes of devastation
  30 apocalypse crabs
  242 slime creatures
  Maurice (D:8)
  35 water nymphs
  11 gargoyles
  A dire elephant zombie (Crypt:2)
  14 cane toads
  12 molten gargoyles
  6 titan simulacra
  58 smoke demons
  58 torpor snails
  A storm dragon simulacrum (Coc:1)
  25 orange demons
  60 demonic crawlers
  3 eyes of devastation (shapeshifter)
  31 vault sentinels
  2 elf skeletons (Vaults:3)
  28 yaktaurs
  75 hellions
  An unseen horror (shapeshifter) (Zig:27)
  16 komodo dragons
  6 anaconda simulacra
  An orb spider zombie (Crypt:3)
  An unseen horror (D:11)
  3 kobold demonologists
  A rime drake (shapeshifter) (D:13)
  5 tengu conjurers
  A komodo dragon (shapeshifter) (D:13)
  A bunyip simulacrum (Coc:2)
  4 rime drakes
  43 tormentors
  6 ice devils
  10 freezing wraiths
  3 golden dragon simulacra
  21 efreet
  81 guardian mummies
  An iron troll zombie (Crypt:1)
  76 merfolk
  9 red devils
  2 yaktaur skeletons (Vaults:3)
  17 ancient zymes
  6 iron giant simulacra
  A spectral naga (Tar:1)
  A merfolk (shapeshifter) (Zig:27)
  A troll (shapeshifter) (Zig:27)
  A yellow draconian zombie (Crypt:3)
  8 bloated husks
  A queen bee (shapeshifter) (D:14)
  A meliai (shapeshifter) (Zig:18)
  A hydra zombie (Hell)
  2 harpy zombies
  17 polar bears
  6 spectral harpies
  22 meliai
  39 trolls
  16 tyrant leeches
  34 hellwings
  A silent spectre (Tar:6)
  An alligator zombie (Crypt:2)
  2 tengu simulacra
  38 tarantellas
  52 hornets
  12 wind drakes
  A raiju (shapeshifter) (Elf:3)
  20 blink frogs
  A blink frog (shapeshifter) (Abyss:1)
  10 raiju
  2 dream sheep (shapeshifter) (Zig:27)
  3 snapping turtles (shapeshifter)
  A harpy skeleton (Crypt:3)
  11 dream sheep
  A slime creature (shapeshifter) (Zig:18)
  19 snapping turtles
  An ettin zombie (Crypt:1)
  A hydra skeleton (Hell)
  A jumping spider (shapeshifter) (Zig:23)
  2 stone giant simulacra
  38 jumping spiders
  32 flying skulls
  A vampire (Zig:17)
  40 culicivoras
  11 spriggans
  9 air elementals
  A culicivora (shapeshifter) (D:15)
  A shadow (D:13)
  5 centaur simulacra
  2 yaks (shapeshifter)
  7 wyverns
  A spectral black mamba (Tar:2)
  20 ushabtiu
  14 wraiths
  63 ynoxinuls
  6 dire elephant simulacra
  41 water elementals
  3 fire bats (Pan)
  29 golden eyes
  3 steam dragons
  49 yaks
  33 fire elementals
  A catoblepas simulacrum (Coc:1)
  2 basilisks (shapeshifter)
  44 neqoxecs
  4 redbacks (shapeshifter)
  12 vampire mosquitoes
  7 basilisks
  83 redbacks
  A wind drake skeleton (Crypt:1)
  32 chaos spawn
  15 harpy simulacra
  35 wargs
  23 nagas
  3 hydra simulacra
  2 merfolk zombies
  An acid dragon (D:12)
  6 swamp worms (shapeshifter)
  21 water moccasins
  Duvessa (D:6)
  4 floating eyes (shapeshifter)
  2 glowing shapeshifter skeletons (Vaults:3)
  A naga skeleton (Crypt:1)
  A fire bat skeleton (Crypt:1)
  53 hell hounds
  5 swamp drakes
  6 floating eyes
  7 ettin simulacra
  158 orc warriors
  3 sky beasts
  14 black bears
  A boggart (Vaults:3)
  4 ice beasts
  An alligator simulacrum (Hell)
  A black mamba simulacrum (Crypt:1)
  2 fire dragon simulacra (Crypt:1)
  48 ogres
  31 wolves
  A wolf (shapeshifter) (Zig:22)
  An elephant skeleton (Crypt:3)
  20 centaurs
  A yaktaur zombie (Crypt:3)
  5 kobold brigands
  14 bullfrogs
  5 gnoll sergeants
  3 scorpions
  3 necrophages (D:6)
  17 earth elementals
  A wyvern skeleton (Crypt:3)
  2 water moccasin zombies
  A wight (D:6)
  Dowan (D:6)
  5 small abominations (Abyss:1)
  A troll zombie (Crypt:2)
  An elephant simulacrum (Lair:1)
  3 killer bees (D:8)
  A queen bee zombie (Crypt:3)
  A troll skeleton (Crypt:1)
  5 howler monkeys
  3 electric eels
  A lava snake (D:10)
  5 crimson imps
  2 bullfrog zombies
  A centaur zombie (D:6)
  A quasit (Abyss:1)
  A human zombie (D:6)
  A gnoll bouda (Lair:2)
  4 jellies
  29 orc priests
  3 hounds
  An iron imp (Abyss:1)
  3 iguanas
  A hell rat (Zig:14)
  30 orc wizards
  3 lightning spires (Zig:27)
  Terence (D:3)
  A wolf simulacrum (Lair:1)
  A killer bee zombie (D:6)
  90 mummies
  8 adders
  24 gnolls
  6 naga simulacra
  2 shadow imps
  4 white imps
  2 worms
  2 dart slugs (D:4)
  71 orcs
  A ball python (shapeshifter) (Vaults:5)
  5 ball pythons
  A bat skeleton (Crypt:1)
  6 endoplasms
  A giant cockroach (D:1)
  7 goblins
  10 hobgoblins
  4 jackals (D:3)
  5 quokkas
  A ball python skeleton (Crypt:2)
  3 bats
  5 frilled lizards
  22 kobolds
  A quokka skeleton (Crypt:3)
  9 rats
  15 creeping infernos
  57 fire vortices
  A lurking horror (Zot:3)
  2 spectral weapons (Elf:2)
  3 starspawn tentacles
9078 creatures vanquished.

Vanquished Creatures (collateral kills)
  2 pandemonium lords
  Mennas (Vaults:3)
  The ghost of Teduw the Impregnable, a veteran MiGl of Hepliaklqana (Vaults:3)
  A shard shrike (Coc:7)
  5 caustic shrikes
  A profane servitor (Tar:6)
  16 bone dragons
  3 Tzitzimimeh
  4 doom hounds
  4 Brimstone Fiends (Geh:7)
  2 iron giants
  2 Hell Sentinels (Dis:7)
  2 hellephants (Geh:7)
  2 tainted leviathans
  An Ice Fiend (Hell)
  A titan (Coc:7)
  A searing wretch (Geh:7)
  A death cob (Zot:2)
  A storm dragon (Zot:1)
  3 ancient champions
  A shadow dragon (Zot:1)
  A revenant (Tomb:2)
  A fire giant (Geh:7)
  An azure jelly (Slime:5)
  A rockslime (Slime:4)
  A quicksilver elemental (Dis:7)
  A vault warden (Vaults:2)
  2 emperor scorpions (Zig:24)
  An orc warlord (Vaults:2)
  3 ghost moths
  4 iron dragons
  An angel (Zig:21)
  2 war gargoyles (Dis:7)
  A broodmother (Zig:11)
  A stone giant (Zig:14)
  3 reapers
  A quicksilver ooze (Slime:4)
  6 cacodemons (Pan)
  A demonspawn blood saint (Pan)
  3 putrid mouths
  A black draconian (Zot:2)
  2 red draconians
  A purple draconian (Zot:1)
  A bennu (Tomb:3)
  10 iron golems
  2 green deaths (Pan)
  6 eidola
  A blizzard demon (Pan)
  An entropy weaver (Zig:14)
  4 spectral spriggans
  2 salamander tyrants (Geh:7)
  An ice dragon (Zot:2)
  An ironbound frostheart (Vaults:2)
  A boulder beetle (Zig:14)
  A stoker (Geh:7)
  3 death scarabs
  A spectral dire elephant (Tar:3)
  A sun demon (Pan)
  A sixfirhy (Pan)
  A crystal echidna (Dis:7)
  A skeletal warrior (Tomb:2)
  A spectral anaconda (Tar:2)
  A shadow wraith (Tar:7)
  2 cherubim (Zig:21)
  A spectral hydra (Tar:3)
  2 orc knights (Vaults:2)
  3 steelbarb worms
  2 molten gargoyles (Geh:7)
  3 demonic crawlers
  A smoke demon (Pan)
  A torpor snail (Zig:14)
  6 hellions
  A komodo dragon (Zig:14)
  A red devil (Pan)
  2 spectral nagas (Tar:2)
  A spectral harpy (Tar:7)
  5 guardian mummies
  3 tormentors
  A flying skull (Tomb:2)
  A fire bat (Pan)
  A chaos spawn (Pan)
  A neqoxec (Pan)
  A redback (Zig:24)
  A floating eye (Zig:14)
  8 mummies
  4 fire vortices
187 creatures vanquished.

Vanquished Creatures (others)
  A tentacled monstrosity (Zig:6)
  A ghoul (Zig:15)
  2 bunyips (Zig:9)
  A purple draconian (Zot:4)
  A green death (Zig:15)
  A blizzard demon (Pan)
  A hydra (Zig:16)
  2 alligators
  A deep elf knight (Elf:3)
  4 spriggans
  2 death drakes
  An orb spider (Spider:3)
  A flayed ghost (Zig:15)
  4 swamp dragons
  A bog body (Zig:9)
  An orc sorcerer (D:15)
  A will-o-the-wisp (Zig:15)
  A titan simulacrum (Coc:7)
  A hellwing (Pan)
  3 hornets
  A bloated husk (Zig:17)
  A tyrant leech (Zig:15)
  A meliai (Zig:11)
  A dream sheep (shapeshifter) (Zig:22)
  An air elemental (Zig:20)
  A chaos spawn (Pan)
  An alligator snapping turtle simulacrum (Coc:2)
  3 redbacks
  3 ball lightnings (Pan)
  2 creeping infernos
  53 fire vortices
  22 foxfires
  7 starspawn tentacles
  20 tentacles
148 creatures vanquished.

Grand Total: 9413 creatures vanquished

Notes
Turn   | Place    | Note
-------+----------+-------------------------------------------
     0 | D:1      | gildax the Gargoyle Earth Elementalist began the quest for
                  | the Orb.
     0 | D:1      | Reached XP level 1. HP: 10/10 MP: 3/3
   149 | D:1      | Reached skill level 1 in Transmutations
   206 | D:1      | Reached XP level 2. HP: 15/15 MP: 3/5
   555 | D:1      | Reached XP level 3. HP: 12/19 MP: 1/6
  1226 | D:2      | Found a basalt altar of Yredelemnul.
  1366 | D:2      | Reached XP level 4. HP: 24/24 MP: 6/8
  1877 | D:3      | Found a sacrificial altar of Ru.
  1997 | D:3      | Noticed Terence
  2213 | D:3      | Reached skill level 5 in Earth Magic
  2566 | D:2      | Learned a level 3 spell: Stone Arrow
  2571 | D:2      | Learned a level 4 spell: Petrify
  2833 | D:4      | Reached XP level 5. HP: 23/28 MP: 7/10
  2860 | D:4      | Found an opulent altar of Gozag.
  2868 | D:4      | Became a worshipper of Gozag Ym Sagoz the Greedy
  2971 | D:4      | Found a shadowy altar of Dithmenos.
  3026 | D:4      | Noticed an ogre
  3039 | D:4      | Killed an ogre
  3080 | D:4      | Reached skill level 1 in Armour
  3329 | D:4      | Reached XP level 6. HP: 32/32 MP: 9/12
  3691 | D:5      | Entered Level 5 of the Dungeon
  3782 | D:5      | Found an iron altar of Okawaru.
  3997 | D:5      | Noticed a steam dragon
  4005 | D:5      | Reached XP level 7. HP: 31/36 MP: 8/14
  4152 | D:5      | Found Agigio's Book Boutique.
  4162 | D:5      | Reached skill level 5 in Spellcasting
  4274 | D:5      | Found a hazy altar of Hepliaklqana.
  4413 | D:5      | Killed a steam dragon
  4536 | D:5      | Found a staircase to the Ecumenical Temple.
  4670 | Temple   | Entered the Ecumenical Temple
  4670 | Temple   | Found a transporter.
  4670 | Temple   | Found a transporter.
  4672 | Temple   | Found a transporter.
  4672 | Temple   | Found a transporter.
  4800 | D:3      | Found a faded altar of an unknown god.
  5017 | D:3      | Killed Terence
  5450 | D:6      | Reached XP level 8. HP: 41/41 MP: 12/16
  5472 | D:6      | Found an ancient bone altar of Kikubaaqudgha.
  6181 | D:6      | Identified the +3 pair of boots of Pleasant Breezes {+Blink
                  | rF+}
  6306 | D:6      | Noticed Dowan
  6337 | D:5      | Reached skill level 1 in Conjurations
  6505 | D:6      | Noticed Duvessa
  6511 | D:6      | Killed Duvessa
  6512 | D:6      | Reached XP level 9. HP: 46/46 MP: 6/19
  6599 | D:5      | Reached skill level 1 in Fighting
  6657 | D:6      | Killed Dowan
  6830 | D:6      | Found a hide-covered altar of Uskayaw.
  7377 | D:6      | Found a glowing silver altar of Zin.
  7523 | D:6      | Found a sparkling altar of Nemelex Xobeh.
  7594 | D:7      | Noticed Pikel
  7601 | D:7      | Killed Pikel
  7778 | D:7      | Found a white marble altar of Elyvilon.
  8464 | D:8      | Reached skill level 10 in Earth Magic
  8636 | D:8      | Noticed Joseph
  8643 | D:8      | Killed Joseph
  8644 | D:8      | Reached XP level 10. HP: 32/53 MP: 13/22
  8733 | D:8      | Identified the +5 dagger of the Heavens {heavy, rElec
                  | rPois}
  8752 | D:8      | Found a burning altar of Makhleb.
  8752 | D:8      | Noticed a balrug
  8801 | D:8      | Found a shimmering altar of Xom.
  8817 | D:8      | Noticed Maurice
  8829 | D:8      | Killed Maurice
  9135 | D:8      | Noticed a boulder beetle
  9224 | D:8      | Noticed Erica
  9231 | D:8      | Killed Erica
  9232 | D:8      | Reached skill level 5 in Conjurations
  9232 | D:8      | Reached skill level 1 in Evocations
  9353 | D:8      | Found a shimmering blue altar of Sif Muna.
  9457 | D:8      | Noticed a cyclops
  9862 | D:9      | Found a large runed translucent door.
  9862 | D:9      | Found a large runed translucent door.
 10603 | D:9      | Found a snail-covered altar of Cheibriados.
 10608 | D:9      | Found a radiant altar of Vehumet.
 10662 | D:10     | Entered Level 10 of the Dungeon
 10835 | D:10     | Noticed a two-headed ogre
 10838 | D:10     | Killed a two-headed ogre
 10839 | D:10     | Reached skill level 5 in Armour
 10908 | D:10     | Reached XP level 11. HP: 57/57 MP: 24/24
 11366 | D:10     | Noticed an orc sorcerer
 11610 | D:10     | Killed an orc sorcerer
 11698 | D:10     | Found a staircase to the Orcish Mines.
 11890 | D:10     | Reached skill level 10 in Spellcasting
 12514 | D:11     | Noticed a two-headed ogre
 12520 | D:11     | Killed a two-headed ogre
 12601 | D:11     | Noticed a boulder beetle
 13685 | D:12     | Noticed a cyclops
 13704 | D:12     | Killed a cyclops
 14030 | Orc:1    | Entered Level 1 of the Orcish Mines
 14169 | Orc:2    | Entered Level 2 of the Orcish Mines
 14171 | Orc:2    | Found a burning altar of Makhleb.
 14241 | Orc:1    | Noticed an orc knight
 14916 | Orc:2    | Found a staircase to the Elven Halls.
 14929 | Orc:2    | Noticed an orc sorcerer
 14936 | Orc:2    | Killed an orc sorcerer
 14969 | Orc:2    | Reached XP level 12. HP: 62/62 MP: 17/26
 15452 | Orc:2    | Noticed an orc warlord
 15635 | Orc:2    | Killed an orc warlord
 16409 | Orc:2    | Found Tepsibeo's Book Boutique.
 16424 | Orc:2    | Bought a manual of Unarmed Combat for 800 gold pieces
 16424 | Orc:2    | Bought a book of Iron for 360 gold pieces
 16431 | Orc:2    | Learned a level 6 spell: Iron Shot
 16436 | Orc:2    | Learned a level 4 spell: Animate Armour
 17041 | Orc:2    | Found Gaimunt's Antique Armour Emporium.
 17044 | Orc:2    | Found Otamuel's Antique Weapon Shoppe.
 17177 | Orc:2    | Bought a polished scale mail for 279 gold pieces
 17177 | Orc:2    | Identified the +0 scale mail of Classification {-Tele rF++
                  | Int+4} (You bought it in a shop on level 2 of the Orcish
                  | Mines)
 17252 | Orc:2    | Found Ungod's Assorted Antiques.
 17374 | Orc:2    | Bought a dark potion for 26 gold pieces
 17374 | Orc:2    | Bought a scroll of teleportation for 87 gold pieces
 17374 | Orc:2    | Bought 2 black potions for 52 gold pieces
 17487 | Elf:1    | Entered Level 1 of the Elven Halls
 17648 | Elf:1    | Reached skill level 1 in Unarmed Combat
 18007 | Elf:1    | Noticed a deep elf demonologist
 18058 | Elf:1    | Noticed a Tzitzimitl
 18261 | Elf:1    | Killed a deep elf demonologist
 18357 | Elf:1    | Noticed a deep elf annihilator
 18363 | Elf:1    | Killed a deep elf annihilator
 18369 | Elf:1    | Reached XP level 13. HP: 55/66 MP: 5/28
 18556 | Elf:1    | Identified the +7 plate armour of Knowledge {Int+3}
 18627 | Elf:1    | Identified the +2 robe of Spite {rC- Str+4}
 18737 | Elf:1    | Found Lodyitit's Armour Boutique.
 18737 | Elf:1    | Noticed a deep elf demonologist
 19009 | Elf:1    | Killed a deep elf demonologist
 19123 | Elf:1    | Reached skill level 5 in Stealth
 19123 | Elf:1    | Reached skill level 10 in Conjurations
 19377 | Elf:1    | Bought a +2 cloak for 214 gold pieces
 20014 | Elf:2    | Noticed Asterion
 20531 | Elf:2    | Noticed a green death
 20854 | D:8      | Reached skill level 10 in Armour
 21574 | D:8      | Found a staircase to the Lair.
 21613 | Lair:1   | Entered Level 1 of the Lair of Beasts
 22118 | Lair:1   | Reached skill level 15 in Earth Magic
 22207 | Lair:1   | Gained mutation: Your large and strong wings let you fly.
                  | [Gargoyle growth]
 22207 | Lair:1   | Reached XP level 14. HP: 61/72 MP: 5/30
 25854 | Lair:3   | Found a hole to the Spider Nest.
 25862 | Lair:3   | Noticed Snorg
 25871 | Lair:3   | Killed Snorg
 26068 | Lair:3   | Found a staircase to the Shoals.
 27252 | D:5      | Bought the Meditations on the Fuming Door for 374 gold
                  | pieces
 27252 | D:5      | Bought a book of Spatial Translocations for 198 gold pieces
 27252 | D:5      | Bought a book of Lightning for 374 gold pieces
 27252 | D:5      | Bought a book of Hexes for 396 gold pieces
 28698 | D:12     | Found a transporter.
 28721 | D:12     | Found a bloodstained altar of Trog.
 28721 | D:12     | Noticed tish's ghost (journeyman GnDe)
 28723 | D:12     | You are sucked into a shaft and drop 2 floors!
 28954 | D:14     | Found a shadowy altar of Dithmenos.
 29466 | D:14     | Found a gate to the Vaults.
 30354 | D:14     | Reached XP level 15. HP: 72/76 MP: 10/32
 31874 | D:13     | Reached skill level 1 in Shields
 34036 | D:13     | Identified the +8 war axe of the Thoughtful Wars {heavy,
                  | *Noise Will+ Int+5}
 34467 | D:13     | Found an iron altar of Okawaru.
 34475 | D:13     | Identified the +0 helmet of the Northern Lights {Harm}
 35088 | D:12     | Found a transporter.
 35483 | Orc:2    | Bought a book of Air for 220 gold pieces
 35483 | Orc:2    | Bought the Discourse on Distorted Hail for 240 gold pieces
 35483 | Orc:2    | Bought a book of the Tundra for 320 gold pieces
 35483 | Orc:2    | Bought Sif Muna's Directory of Ethics for 220 gold pieces
 35485 | Orc:2    | Bought a manual of Axes for 800 gold pieces
 35640 | D:5      | Bought a book of Winter for 374 gold pieces
 35640 | D:5      | Bought a book of Unlife for 396 gold pieces
 35936 | Lair:4   | Noticed Nessos
 35942 | Lair:4   | Killed Nessos
 38043 | Lair:5   | Entered Level 5 of the Lair of Beasts
 38057 | Lair:5   | Found a staircase to the Slime Pits.
 38059 | Lair:5   | Found a viscous altar of Jiyva.
 39741 | Lair:5   | Noticed Sonja
 39766 | Lair:5   | Killed Sonja
 39829 | Lair:5   | Found a runed translucent door.
 39907 | Lair:5   | Reached XP level 16. HP: 48/83 MP: 16/34
 40925 | Lair:5   | Identified the +9 rapier of Doweenu {venom, rC+ rCorr Str+4
                  | Int-3}
 43147 | Shoals:1 | Entered Level 1 of the Shoals
 43942 | Shoals:1 | Reached skill level 5 in Shields
 44458 | Shoals:1 | Noticed a kraken
 45140 | Shoals:2 | Noticed Roxanne
 45153 | Shoals:2 | Killed Roxanne
 45951 | Shoals:2 | Noticed a kraken
 46300 | Shoals:2 | Identified the amulet "Sagawetu" {+Blink Regen+}
 46773 | Shoals:2 | Killed a kraken
 47118 | Shoals:3 | Noticed Polyphemus
 47542 | Lair:1   | Bought a scroll of identify for 34 gold pieces
 47542 | Lair:1   | Bought a scroll of acquirement for 884 gold pieces
 47542 | Lair:1   | Bought a scroll of teleportation for 51 gold pieces
 47543 | Lair:1   | Acquired the Spellbook of the Gang
 47566 | Lair:1   | Learned a level 5 spell: Irradiate
 47908 | Elf:2    | Noticed an Executioner
 48008 | Elf:2    | Identified the +0 pair of boots of the Everdark {rN+}
 49114 | D:15     | Entered Level 15 of the Dungeon
 49362 | D:15     | Reached skill level 15 in Spellcasting
 49523 | D:15     | Found a staircase to the Depths.
 49699 | D:15     | Reached XP level 17. HP: 87/87 MP: 1/36
 50023 | D:15     | Found Vuedos's Demolitions Depot.
 50660 | D:15     | Identified the +0 scale mail of Icop {rElec Str+2 Slay-2
                  | Stlth+}
 50852 | D:15     | Found a runed translucent door.
 50853 | D:15     | Noticed Giaff's ghost (journeyman DsGl)
 51589 | Spider:1 | Entered Level 1 of the Spider Nest
 52205 | Spider:1 | Found a runed translucent gate.
 52206 | Spider:1 | Found a runed translucent gate.
 52217 | Spider:1 | Found a runed translucent gate.
 52305 | Spider:1 | Reached skill level 5 in Dodging
 52831 | D:15     | Bought a manual of Conjurations for 1360 gold pieces
 53139 | Spider:1 | Noticed Frances
 53144 | Spider:1 | Killed Frances
 53437 | Spider:1 | Noticed Peloso's ghost (journeyman MiFi)
 54588 | Spider:2 | Gained mutation: Armour fits poorly on your strangely
                  | shaped body. [mutagenic glow]
 54605 | Spider:1 | Gained mutation: You occasionally shout uncontrollably at
                  | your foes. [mutagenic glow]
 54636 | Spider:1 | Gained mutation: You are vulnerable to heat. (rF-)
                  | [mutagenic glow]
 55660 | Spider:1 | Lost mutation: Armour fits poorly on your strangely shaped
                  | body. [potion of mutation]
 55660 | Spider:1 | Lost mutation: You occasionally shout uncontrollably at
                  | your foes. [potion of mutation]
 55660 | Spider:1 | Lost mutation: You are vulnerable to heat. (rF-) [potion of
                  | mutation]
 55660 | Spider:1 | Gained mutation: Armour fits poorly on your strangely
                  | shaped body. [potion of mutation]
 55660 | Spider:1 | Gained mutation: Your body sometimes deteriorates upon
                  | taking damage. [potion of mutation]
 55660 | Spider:1 | Gained mutation: You are partially covered in iridescent
                  | scales. (AC +2) [potion of mutation]
 55660 | Spider:1 | Gained mutation: You have very sharp teeth. [potion of
                  | mutation]
 56196 | Spider:2 | Reached skill level 15 in Conjurations
 56772 | Spider:3 | Noticed Arachne
 56922 | Spider:3 | Noticed Azrael
 56924 | Spider:3 | Noticed Bai Suzhen
 57292 | Spider:3 | Killed Arachne
 58588 | Spider:3 | Noticed Donald
 58965 | Spider:3 | Killed Donald
 58998 | Spider:3 | Killed Azrael
 59356 | Spider:3 | Killed Bai Suzhen
 59520 | Spider:3 | Reached XP level 18. HP: 92/92 MP: 37/37
 59665 | Spider:4 | Entered Level 4 of the Spider Nest
 62479 | Spider:4 | Reached skill level 15 in Armour
 64176 | Spider:4 | Got a gossamer rune of Zot
 64383 | Slime:1  | Entered Level 1 of the Pits of Slime
 64509 | Lair:5   | Paralysed by a great orb of eyes for 3 turns
 65232 | Lair:1   | Bought a heavily runed leather armour for 210 gold pieces
 65232 | Lair:1   | Identified the +0 leather armour of the Pleiades {Dex+5}
                  | (You bought it in a shop on level 1 of the Lair of Beasts)
 65232 | Lair:1   | Bought a spiked scale mail for 270 gold pieces
 65232 | Lair:1   | Identified the +6 scale mail of Qoetomp {rElec Stlth+} (You
                  | bought it in a shop on level 1 of the Lair of Beasts)
 65232 | Lair:1   | Bought a spiked leather armour for 210 gold pieces
 65232 | Lair:1   | Identified the +5 leather armour of Haxtul {*Corrode rElec
                  | Int+6} (You bought it in a shop on level 1 of the Lair of
                  | Beasts)
 65366 | Shoals:3 | Killed Polyphemus
 65861 | Shoals:3 | Noticed Ilsuiw
 65875 | Shoals:3 | Killed Ilsuiw
 67280 | Shoals:3 | Noticed a tentacled monstrosity
 67280 | Shoals:3 | Identified the ring "Idukk" {Ice Dex+2}
 67707 | Shoals:4 | Entered Level 4 of the Shoals
 67964 | Shoals:4 | Found a runed translucent gate.
 67964 | Shoals:4 | Found a runed translucent gate.
 68489 | Shoals:3 | Learned a level 5 spell: Lee's Rapid Deconstruction
 68737 | Shoals:4 | Noticed Mara
 68781 | Shoals:4 | Killed Mara
 68782 | Shoals:4 | Reached XP level 19. HP: 76/96 MP: 30/39
 70535 | Shoals:4 | Found a runed translucent gate.
 70839 | Shoals:4 | Noticed Louise
 70968 | Shoals:4 | Killed Louise
 71132 | Shoals:4 | Identified the +1 helmet "Tabbuy Ygyz" {Dex+7}
 71465 | Shoals:4 | Got a barnacled rune of Zot
 71698 | Shoals:4 | Noticed sonasty's ghost (adept DECj)
 72712 | Shoals:4 | Killed sonasty's ghost
 72815 | Shoals:4 | Reached skill level 10 in Shields
 72952 | Shoals:4 | Identified the +2 pair of boots of the Comet {rF++ Int+2}
 73732 | Lair:1   | Lost mutation: You have very sharp teeth. [potion of
                  | mutation]
 73732 | Lair:1   | Lost mutation: Armour fits poorly on your strangely shaped
                  | body. [potion of mutation]
 73732 | Lair:1   | Gained mutation: You have supernaturally acute eyesight.
                  | (SInv) [potion of mutation]
 73732 | Lair:1   | Gained mutation: You are mostly covered in iridescent
                  | scales. (AC +4) [potion of mutation]
 73748 | Lair:1   | Bought an opal-encrusted chain mail for 342 gold pieces
 73748 | Lair:1   | Identified the +3 chain mail "Kaaril" {rElec rPois Int-4}
                  | (You bought it in a shop on level 1 of the Lair of Beasts)
 73748 | Lair:1   | Bought a slimy cloak for 342 gold pieces
 73748 | Lair:1   | Identified the +0 cloak of the Watchman {Str+3} (You bought
                  | it in a shop on level 1 of the Lair of Beasts)
 73748 | Lair:1   | Bought a faintly glowing robe for 205 gold pieces
 73748 | Lair:1   | Identified the +1 robe of Gaiwau {rF+ rN+ Int-3 Dex+4} (You
                  | bought it in a shop on level 1 of the Lair of Beasts)
 74087 | Elf:2    | Killed Asterion
 74788 | Elf:2    | Found a runed translucent gate.
 74789 | Elf:2    | Found a runed translucent gate.
 74789 | Elf:2    | Found a runed translucent gate.
 76904 | Elf:3    | Entered Level 3 of the Elven Halls
 77488 | Elf:3    | Reached XP level 20. HP: 101/101 MP: 41/41
 78072 | Elf:3    | Noticed a Brimstone Fiend
 78851 | Elf:3    | Identified the +1 great sword of the Final Decision {spect,
                  | Dex+3 SInv}
 78851 | Elf:3    | Identified the ring "Xoisais" {EV+5 Dex+2}
 79131 | Elf:3    | Identified the +2 spear of Chance {heavy, rPois rC+ Stlth+}
 79156 | Elf:3    | Identified the ring "Sinus" {rCorr Stlth+}
 79664 | Elf:3    | Identified the +11 whip of Desperation {pain, rElec}
 79664 | Elf:3    | Identified the ring of Keonepn {rPois rN+ Str+2 Dex-5 SInv}
 80902 | Elf:3    | Identified the +4 longbow "Murmur" {elec, rF+}
 80914 | Elf:3    | Identified the staff of earth "Cotopoyl" {Dex+2}
 82312 | Shoals:3 | Got the Incunable of Mad Ravings
 84430 | Slime:2  | Gained mutation: Your natural rate of healing is unusually
                  | fast. [a shining eye]
 84574 | Slime:2  | Gained mutation: You are clumsy. (Dex -2) [a shining eye]
 86300 | Slime:2  | Reached XP level 21. HP: 107/107 MP: 30/43
 86308 | Slime:2  | Reached skill level 1 in Staves
 89309 | Slime:5  | Entered Level 5 of the Pits of Slime
 89763 | Slime:5  | Gained mutation: Armour fits poorly on your strangely
                  | shaped body. [a shining eye]
 90130 | Slime:4  | Gained mutation: You occasionally shout uncontrollably at
                  | your foes. [a shining eye]
 90436 | Slime:5  | Noticed the Royal Jelly
 91546 | Slime:5  | Found a viscous altar of Jiyva.
 91726 | Lair:1   | Bought a spiked cloak for 389 gold pieces
 91726 | Lair:1   | Identified the +0 cloak "Kesot" {Will++ Slay+3} (You bought
                  | it in a shop on level 1 of the Lair of Beasts)
 91726 | Lair:1   | Bought a spiked ring mail for 369 gold pieces
 91726 | Lair:1   | Identified the +0 ring mail of Stoicism {rF- rC+ Int+5}
                  | (You bought it in a shop on level 1 of the Lair of Beasts)
 91982 | Depths:1 | Entered Level 1 of the Depths
 92185 | Depths:1 | Found a huge runed gate.
 92185 | Depths:1 | Found a huge runed gate.
 92187 | Depths:1 | Noticed Aizul
 92188 | Depths:1 | Found a huge runed gate.
 92188 | Depths:1 | Found a huge runed gate.
 92192 | Depths:1 | Killed Aizul
 92197 | Depths:1 | Found a huge runed gate.
 92197 | Depths:1 | Found a huge runed gate.
 92448 | Depths:1 | Found a huge runed gate.
 92448 | Depths:1 | Found a huge runed gate.
 92448 | Depths:1 | Found a huge runed gate.
 92469 | Depths:1 | Found a huge runed gate.
 92580 | Depths:1 | Found a huge runed gate.
 92580 | Depths:1 | Found a huge runed gate.
 92580 | Depths:1 | Found a huge runed gate.
 92580 | Depths:1 | Found a huge runed gate.
 92580 | Depths:1 | Found a huge runed gate.
 92580 | Depths:1 | Found a huge runed gate.
 92598 | Depths:1 | Found a huge runed gate.
 92598 | Depths:1 | Found a huge runed gate.
 92598 | Depths:1 | Found a huge runed gate.
 92598 | Depths:1 | Found a huge runed gate.
 92598 | Depths:1 | Found a huge runed gate.
 93492 | Depths:1 | Found a huge runed gate.
 93492 | Depths:1 | Found a huge runed gate.
 93492 | Depths:1 | Found a huge runed gate.
 93492 | Depths:1 | Found a huge runed gate.
 93492 | Depths:1 | Found a huge runed gate.
 93492 | Depths:1 | Found a huge runed gate.
 93492 | Depths:1 | Found a gateway to Hell.
 93493 | Depths:1 | Found a huge runed gate.
 93771 | Depths:1 | Identified the +0 great mace of Upheaval {flame, rF+}
 94192 | Depths:1 | Found a huge runed gate.
 94192 | Depths:1 | Found a huge runed gate.
 94192 | Depths:1 | Found a huge runed gate.
 94192 | Depths:1 | Found a huge runed gate.
 94193 | Depths:1 | Found a huge runed gate.
 94194 | Depths:1 | Found a huge runed gate.
 94267 | Depths:1 | Found a huge runed gate.
 94267 | Depths:1 | Found a huge runed gate.
 94340 | Depths:1 | Found the +2 shield of Resistance {rF++ rC++ Will++}
 95457 | Depths:1 | Identified the staff of poison "Asuatuva" {Contam rElec
                  | rPois rF+ Dex+4}
 95552 | Depths:2 | Found a one-way gateway to a ziggurat.
 95798 | Depths:1 | Reached XP level 22. HP: 108/110 MP: 1/44
 96001 | Depths:2 | Found a one-way gate leading to the halls of Pandemonium.
 96286 | Depths:2 | Identified the +1 chain mail "Buriho" {Int+2}
 96291 | Depths:2 | Identified the +6 long sword of Red Wine {flame, rF+ Str+3}
 96633 | Depths:2 | Found a runed translucent door.
 96647 | Depths:2 | Noticed Luham's ghost (adept MeMo)
 96847 | Depths:2 | Found Lethicee's Tiny Tomes.
 96855 | Depths:2 | Bought Sif Muna's Parchment of Hurting for 72 gold pieces
 96855 | Depths:2 | Bought Sif Muna's Book of the Assassin for 72 gold pieces
 96855 | Depths:2 | Bought the Incunabulum of Blasts for 324 gold pieces
 96865 | Depths:2 | Learned a level 8 spell: Lehudib's Crystal Spear
 97714 | Depths:2 | Got Soteul's Papyrus of the Fairies and the Gang
 97726 | Depths:2 | Found a shimmering blue altar of Sif Muna.
 97745 | Depths:2 | Noticed an ancient lich
 97745 | Depths:2 | Noticed an ancient lich
 97750 | Depths:2 | Killed an ancient lich
 97752 | Depths:2 | Killed an ancient lich
 98062 | Depths:2 | Got Exiss's Tome of the Barrage
 98098 | Depths:2 | Identified the +11 war axe of Patience {flame, rF+ Dex+2}
 98151 | Depths:2 | Got the Folio of the Blasted Ground
 98153 | Depths:2 | Got the Spellbook of Jinxing
 99208 | Depths:3 | Noticed a golden dragon
 99654 | Depths:3 | Killed a golden dragon
 99847 | Depths:3 | Noticed a caustic shrike
 99852 | Depths:3 | Killed a caustic shrike
100177 | Depths:3 | Noticed a juggernaut
100182 | Depths:3 | Killed a juggernaut
101282 | Depths:3 | Noticed a juggernaut
101284 | Depths:3 | Noticed a juggernaut
101287 | Depths:3 | Noticed a caustic shrike
101288 | Depths:3 | Killed a juggernaut
102310 | D:12     | Killed tish's ghost
102693 | D:15     | Killed Giaff's ghost
102974 | Depths:2 | Killed a caustic shrike
103172 | Depths:2 | Killed Luham's ghost
103307 | Depths:2 | Reached XP level 23. HP: 116/116 MP: 46/46
103308 | Depths:2 | Reached XP level 24. HP: 121/121 MP: 46/46
103316 | Depths:2 | Killed a juggernaut
103419 | Depths:3 | Noticed a caustic shrike
103443 | Depths:3 | Killed a caustic shrike
103700 | Depths:3 | Reached skill level 15 in Shields
103700 | Depths:3 | Reached XP level 25. HP: 125/125 MP: 18/46
104364 | Depths:3 | Identified the +1 pair of boots "Gainnis" {rN+ rCorr}
104385 | Depths:3 | Identified the +0 leather armour of Fyturph {-Cast Str+2
                  | Dex+2 Stlth+}
104603 | Depths:3 | Identified the +1 cloak "Maats" {Will++ Int+2 SInv}
104626 | Depths:3 | Identified the orb of the Circus Animal {*channel, +Inv
                  | Int-2 Dex+6 Stlth+}
104869 | Depths:3 | Found a broken altar of Ashenzari.
105629 | Depths:3 | Found a corrupted altar of Lugonu.
105630 | Depths:3 | Found a one-way gate to the infinite horrors of the Abyss.
105647 | Depths:3 | Noticed Boris
105651 | Depths:3 | Killed Boris
105946 | Depths:4 | Entered Level 4 of the Depths
107908 | Depths:4 | Noticed Grunn
107917 | Depths:4 | Killed Grunn
108424 | Depths:4 | Found a gate to the Realm of Zot.
109586 | Hell     | Entered the Vestibule of Hell
109586 | Hell     | Noticed Geryon
109590 | Hell     | Killed Geryon
109941 | Hell     | Gained mutation: Your spells are a little easier to cast,
                  | but a little less powerful. [a cacodemon]
110907 | Hell     | Found a gateway to the decaying netherworld of Tartarus.
111496 | Hell     | Found a gateway to the freezing wastes of Cocytus.
111584 | Hell     | Found a gateway to the Iron City of Dis.
111738 | Hell     | Found a gateway to the ashen valley of Gehenna.
112575 | Vaults:1 | Entered Level 1 of the Vaults
114041 | Vaults:1 | Found Caqi Cuv's Armour Shoppe.
114046 | Vaults:1 | Noticed Saint Roka
114076 | Vaults:1 | Killed Saint Roka
114337 | Vaults:1 | Found a portal to a secret trove of treasure.
114606 | Depths:2 | Bought the Opusculum on Burning for 360 gold pieces
114606 | Depths:2 | Bought Yvomo's Spellbook of the Curse for 108 gold pieces
114606 | Depths:2 | Bought Ockaopol's Notes on Phantasms for 180 gold pieces
114606 | Depths:2 | Bought the Quarto of Execration for 216 gold pieces
114884 | Lair:1   | Bought a book of the Senses for 640 gold pieces
114886 | Lair:1   | Bought Asmodeus's Elucidation of Trauma for 760 gold pieces
115143 | Vaults:1 | Reached XP level 26. HP: 131/131 MP: 1/47
115403 | Vaults:1 | Identified the scarf of Verdant Life {shadows, rC+ Int-5
                  | Stlth+}
115435 | Vaults:1 | Identified the staff of poison "Mithrax" {rPois rN+ Str-2
                  | Int+6}
115792 | Vaults:1 | Identified the +3 short sword "Fosmea" {flame, rPois Int+4
                  | Dex-2 SInv}
116349 | D:15     | Bought the Essays on Outbursts for 816 gold pieces
116455 | D:15     | Acquired a book of Annihilations
116569 | D:15     | Learned a level 9 spell: Shatter
119130 | Vaults:1 | Learned a level 7 spell: Spellforged Servitor
119332 | Vaults:2 | Reached skill level 1 in Summonings
119824 | Vaults:2 | Found Hoblidob's Armour Shop.
121501 | Vaults:3 | Found Sesu's Antique Weapon Emporium.
121728 | Vaults:3 | Found a runed translucent door.
121728 | Vaults:3 | Noticed Tang's ghost (master DsGl)
122338 | Vaults:3 | Found a staircase to the Crypt.
123919 | Lair:1   | Bought quicksilver dragon scales for 1800 gold pieces
125016 | Vaults:4 | Reached XP level 27. HP: 136/136 MP: 9/48
126926 | Vaults:4 | Learned a level 3 spell: Swiftness
126927 | Vaults:5 | Entered Level 5 of the Vaults
127165 | Vaults:5 | Noticed an ancient lich
127273 | Vaults:5 | Killed an ancient lich
127631 | Vaults:5 | Noticed a dread lich
127634 | Vaults:5 | Killed a dread lich
127635 | Vaults:5 | Noticed an ancient lich
127890 | Vaults:5 | Killed an ancient lich
128837 | Vaults:5 | Noticed Margery
128994 | Vaults:5 | Killed Margery
130579 | Vaults:5 | Identified the +9 mace of Bodily Harmony {speed, rPois rN+}
130808 | Vaults:5 | Identified the +5 chain mail of Poatal {rN+}
130874 | Vaults:5 | Got a silver rune of Zot
130875 | Vaults:5 | Identified the ring "Qorchiats" {rF+ Str+6}
131054 | Vaults:5 | Identified the +6 chain mail "Zarovek" {+Inv rF+ rC- Str+3}
131056 | Vaults:5 | Identified the +7 plate armour "Luwk" {Str+2 Dex+2 SInv}
131234 | Vaults:5 | Identified the +8 flail "Lagonk" {freeze, MP+9}
131326 | Vaults:5 | Identified the staff of cold "Joolith" {Fragile rC+ Int+6
                  | Dex+4}
131327 | Vaults:5 | Identified the staff of air "Jijecs" {Contam Fragile rElec
                  | Will+++ Stlth+}
133905 | Lair:1   | Bought a steaming robe for 114 gold pieces
133905 | Lair:1   | Identified the +0 robe of Whack-A-Mole {Drain rF+ Dex+6}
                  | (You bought it in a shop on level 1 of the Lair of Beasts)
133905 | Lair:1   | Bought the +3 pair of gauntlets of War {Slay+5} for 950
                  | gold pieces
133905 | Lair:1   | Found the +3 pair of gauntlets of War {Slay+5}
133905 | Lair:1   | Bought a twisted leather armour for 140 gold pieces
133905 | Lair:1   | Identified the +0 leather armour of the Worm {+Blink Str+8}
                  | (You bought it in a shop on level 1 of the Lair of Beasts)
134265 | Geh:1    | Entered Level 1 of Gehenna
134865 | Geh:2    | Reached skill level 5 in Fighting
137748 | Dis:1    | Entered Level 1 of the Iron City of Dis
138008 | Coc:1    | Entered Level 1 of Cocytus
138722 | Coc:2    | Reached skill level 27 in Earth Magic
139558 | Hell     | Acquired a manual of Shields
139592 | Tar:1    | Entered Level 1 of Tartarus
139593 | Tar:1    | Noticed a dread lich
139595 | Tar:1    | Killed a dread lich
140168 | Crypt:1  | Entered Level 1 of the Crypt
140616 | Crypt:1  | Identified the ring "Xeygryeq" {Ice Str-2 Int+6}
140616 | Crypt:1  | Noticed Josephina
140771 | Crypt:1  | Killed Josephina
140775 | Crypt:1  | Noticed Mennas
140953 | Vaults:3 | Killed Mennas
141205 | Crypt:1  | Noticed a royal mummy
141338 | Crypt:1  | Noticed Teduw's ghost (veteran MiGl)
141342 | Crypt:1  | Killed a royal mummy
141543 | Vaults:3 | Killed Teduw's ghost
142096 | Crypt:1  | Found a transporter.
142099 | Crypt:1  | Found a transporter.
143794 | Crypt:1  | Lost mutation: You are mostly covered in iridescent scales.
                  | (AC +4) [potion of mutation]
143794 | Crypt:1  | Lost mutation: You are partially covered in iridescent
                  | scales. (AC +2) [potion of mutation]
143794 | Crypt:1  | Lost mutation: Armour fits poorly on your strangely shaped
                  | body. [potion of mutation]
143794 | Crypt:1  | Gained mutation: You possess an exceptional clarity of
                  | mind. [potion of mutation]
143794 | Crypt:1  | Lost mutation: You are clumsy. (Dex -2) [potion of
                  | mutation]
144799 | Crypt:3  | Entered Level 3 of the Crypt
144894 | Crypt:3  | Found the +3 pair of seven-league boots {Rampage+∞}
147978 | Crypt:3  | Noticed an ancient lich
148068 | Crypt:3  | Killed an ancient lich
148480 | Crypt:3  | Noticed an ancient lich
148483 | Crypt:3  | Killed an ancient lich
148632 | Crypt:3  | Identified the ring of Light {rF++ rN+}
148632 | Crypt:3  | Identified the ring of Daxuetz {rElec rF- rN+ Int+3 Dex+5}
148634 | Crypt:3  | Identified the staff of death "Haishreacw" {rElec rC+ rN+
                  | Int-3 Dex+7}
148655 | Crypt:3  | Identified the +4 trident of Undoing {freeze, Fly rPois rC-
                  | Dex+4}
149708 | Crypt:3  | Found a staircase to the Tomb.
150222 | Tomb:1   | Entered Level 1 of the Tomb of the Ancients
151563 | Tomb:1   | Noticed a royal mummy
151570 | Tomb:1   | Noticed a royal mummy
151670 | Tomb:1   | Noticed a royal mummy
151670 | Tomb:1   | Noticed a royal mummy
151671 | Tomb:1   | Noticed a royal mummy
151672 | Tomb:1   | Killed a royal mummy
151674 | Tomb:1   | Noticed a royal mummy
151801 | Tomb:1   | Killed a royal mummy
151802 | Tomb:1   | Reached skill level 10 in Fighting
151802 | Tomb:1   | Killed a royal mummy
151935 | Tomb:1   | Killed a royal mummy
151936 | Tomb:1   | Noticed a royal mummy
151940 | Tomb:1   | Killed a royal mummy
152109 | Tomb:1   | Noticed a royal mummy
152114 | Tomb:1   | Killed a royal mummy
152255 | Tomb:1   | Killed a royal mummy
152257 | Tomb:1   | Noticed a royal mummy
152369 | Tomb:1   | Killed a royal mummy
152370 | Tomb:1   | Killed a royal mummy
152370 | Tomb:1   | Noticed a royal mummy
152511 | Tomb:1   | Killed a royal mummy
152514 | Tomb:1   | Noticed a royal mummy
152613 | Tomb:1   | Killed a royal mummy
152845 | Tomb:1   | Noticed a royal mummy
152850 | Tomb:1   | Killed a royal mummy
153026 | Tomb:1   | Noticed a royal mummy
153033 | Tomb:1   | Killed a royal mummy
153353 | Tomb:1   | Noticed a royal mummy
153356 | Tomb:1   | Noticed a royal mummy
153357 | Tomb:1   | Killed a royal mummy
153359 | Tomb:1   | Noticed a royal mummy
153360 | Tomb:1   | Killed a royal mummy
153360 | Tomb:1   | Noticed a royal mummy
153398 | Tomb:1   | Noticed a royal mummy
153538 | Tomb:1   | Killed a royal mummy
153655 | Tomb:1   | Lost mutation: Your natural rate of healing is unusually
                  | fast. [potion of mutation]
153655 | Tomb:1   | Lost mutation: You possess an exceptional clarity of mind.
                  | [potion of mutation]
153655 | Tomb:1   | Gained mutation: Armour fits poorly on your strangely
                  | shaped body. [potion of mutation]
153656 | Tomb:1   | Lost mutation: You have supernaturally acute eyesight.
                  | (SInv) [potion of mutation]
153656 | Tomb:1   | Lost mutation: You occasionally shout uncontrollably at
                  | your foes. [potion of mutation]
153656 | Tomb:1   | Lost mutation: Armour fits poorly on your strangely shaped
                  | body. [potion of mutation]
153657 | Tomb:1   | Lost mutation: Your body sometimes deteriorates upon taking
                  | damage. [potion of mutation]
153657 | Tomb:1   | Lost mutation: Your spells are a little easier to cast, but
                  | a little less powerful. [potion of mutation]
153657 | Tomb:1   | Gained mutation: You are agile. (Dex +4, Str/Int -1)
                  | [potion of mutation]
153657 | Tomb:1   | Gained mutation: Your spells are a little harder to cast,
                  | but a little more powerful. [potion of mutation]
154174 | Tomb:1   | Killed a royal mummy
154357 | Tomb:1   | Killed a royal mummy
155609 | Zig:1    | Entered Level 1 of a ziggurat
155691 | Zig:2    | Entered Level 2 of a ziggurat
155783 | Zig:3    | Entered Level 3 of a ziggurat
155840 | Zig:4    | Entered Level 4 of a ziggurat
155942 | Zig:4    | Identified the +2 battleaxe "Oxuq" {heavy, Int-5 Dex+8}
155957 | Zig:5    | Entered Level 5 of a ziggurat
156082 | Zig:6    | Entered Level 6 of a ziggurat
156175 | Zig:6    | Identified the +9 trident of the Eternal Warrior {elec, Fly
                  | rPois Int+4 Dex-3}
156199 | Zig:7    | Entered Level 7 of a ziggurat
156346 | Zig:7    | Identified the staff of death "Likyci" {rN+ MP+9}
156365 | Zig:8    | Entered Level 8 of a ziggurat
156442 | Zig:8    | Identified the ring of the Distant Future {rElec rF+ MP+9
                  | Int-5 Dex+2 SInv}
156462 | Zig:8    | Identified the ring of Siwa {Fly Stlth+}
156488 | Zig:9    | Entered Level 9 of a ziggurat
156677 | Zig:9    | Identified the +0 leather armour of the Grue {Dex+2}
156687 | Zig:9    | Identified the +0 morningstar of Govic {flame, Fly rCorr
                  | Str+3 Int-3}
156690 | Zig:9    | Identified the +7 shortbow of Uhaechy {elec, *Slow rC++}
156707 | Zig:10   | Entered Level 10 of a ziggurat
156909 | Zig:10   | Identified the ring "Gougaurghe" {Fly rCorr Str-2 Int+6
                  | Dex+3}
156913 | Zig:10   | Identified the +7 sling "Vaucrit" {flame, Stlth+}
156949 | Zig:11   | Entered Level 11 of a ziggurat
156960 | Zig:11   | Noticed Qosex the pandemonium lord
156965 | Zig:11   | Killed Qosex the pandemonium lord
157161 | Zig:11   | Identified the +9 glaive of Action {freeze, Drain Str+3
                  | Int+4}
157168 | Zig:11   | Identified the +0 ring mail of Igeic {rElec rPois Dex+2}
157175 | Zig:11   | Identified the +1 war axe of Roeczel {heavy, rC+ Will-
                  | rCorr Dex+5}
157284 | Zig:12   | Entered Level 12 of a ziggurat
157537 | Zig:13   | Entered Level 13 of a ziggurat
157649 | Zig:13   | Identified the ring "Degreeh" {EV+5 SInv}
157689 | Zig:13   | Identified the +1 shortbow of Doom {elec, +Blink rF- rN++
                  | Stlth+}
157699 | Zig:13   | Identified the ring of Astroch {rF++ rN+ Will- Int+6}
157709 | Zig:14   | Entered Level 14 of a ziggurat
157720 | Zig:14   | Noticed an ancient lich
157722 | Zig:14   | Noticed an ancient lich
157724 | Zig:14   | Killed an ancient lich
157724 | Zig:14   | Killed an ancient lich
157934 | Zig:14   | Identified the staff of cold "Igiwn" {rF+++ rC+ Str-3
                  | Dex+6}
157940 | Zig:14   | Reached skill level 5 in Staves
157944 | Zig:15   | Entered Level 15 of a ziggurat
157958 | Zig:15   | Noticed an ancient lich
157961 | Zig:15   | Killed an ancient lich
158108 | Zig:15   | Found the +10 dark maul {heavy}
158174 | Zig:15   | Identified the ring "Hopuklolu" {rC+ Int+6}
158188 | Zig:15   | Identified the staff of air "Kamp" {rElec rC+ Int+3}
158225 | Zig:16   | Entered Level 16 of a ziggurat
158245 | Zig:16   | Found the +5 scythe "Finisher" {speed, execute}
158339 | Zig:16   | Identified the staff of earth "Pyigyofi" {rPois Int-5 Dex-4
                  | Stlth+}
158342 | Zig:16   | Identified the staff of air "Juwker" {rElec Str+6}
158346 | Zig:16   | Identified the ring of Teotrocs {Wiz Will- Str+3 Stlth+}
158393 | Zig:16   | Identified the +8 dagger of Anassu Gekle {pain, +Blink MP+9
                  | Str+2}
158411 | Zig:16   | Acquired a manual of Short Blades
158415 | Zig:16   | Acquired the amulet "Nowuobb" {Reflect rPois rN+ Int+10
                  | SH+5}
158458 | Zig:17   | Entered Level 17 of a ziggurat
158474 | Zig:17   | Reached skill level 27 in Spellcasting
158776 | Zig:17   | Identified the ring of Amaeky {*Slow rElec rN+ Will+ Str+6
                  | SInv}
158783 | Zig:17   | Identified the +0 spear of Xom {flame, rF+ rN++ Dex+2}
158784 | Zig:17   | Identified the +1 great sword of the Endless March {holy,
                  | rN+ MP+9 Str+3 Stlth-}
158797 | Zig:18   | Entered Level 18 of a ziggurat
158812 | Zig:18   | Noticed a juggernaut
158813 | Zig:18   | Noticed a juggernaut
158813 | Zig:18   | Noticed a juggernaut
158815 | Zig:18   | Noticed a juggernaut
158817 | Zig:18   | Killed a juggernaut
158817 | Zig:18   | Killed a juggernaut
158818 | Zig:18   | Reached skill level 15 in Fighting
158821 | Zig:18   | Killed a juggernaut
158822 | Zig:18   | Killed a juggernaut
159257 | Zig:18   | Identified the staff of fire "Barikeak" {rF+ rC+ rN++}
159259 | Zig:18   | Identified the staff of poison "Hagaur" {rPois Dex+4}
159266 | Zig:18   | Identified the +0 chain mail of Hide-and-Seek {rElec rPois
                  | rC- Int+8}
159267 | Zig:18   | Identified the staff of poison "Ykimep" {rPois Str+4}
159268 | Zig:18   | Identified the +1 battleaxe "Jainluar" {speed, *Corrode rF+
                  | rC+}
159301 | Zig:18   | Identified the +1 battleaxe of an ossuary {speed, rF+ Will+
                  | Str+3}
159307 | Zig:18   | Identified the staff of air "Xiemic" {rElec rC+++ Will+
                  | Dex+4 Stlth-}
159334 | Zig:19   | Entered Level 19 of a ziggurat
159828 | Zig:20   | Entered Level 20 of a ziggurat
160126 | Zig:20   | Identified the +4 sling "Zyojuzar" {drain, Fly rElec rF+}
160141 | Zig:20   | Identified the staff of earth "Qupp" {rElec}
160160 | Zig:20   | Identified the +0 pair of boots "Doididgh" {rElec rCorr}
160164 | Zig:21   | Entered Level 21 of a ziggurat
160195 | Zig:21   | Reached skill level 10 in Dodging
160439 | Zig:21   | Identified the +6 quick blade of Ravage {freeze, rPois
                  | rCorr}
160446 | Zig:21   | Identified the amulet of Akhlit {Faith rElec rN+ Slay-5}
160461 | Zig:21   | Identified the +5 scimitar "Kautorr" {heavy, Will+}
160465 | Zig:21   | Identified the +1 rapier "Vavipil" {heavy, rF- Str+3}
160474 | Zig:21   | Identified the +2 short sword of Bekhlylun {flame, rElec
                  | rC+ Str-4 Dex+5}
160609 | Zig:22   | Entered Level 22 of a ziggurat
160631 | Zig:22   | Noticed a royal mummy
160631 | Zig:22   | Noticed a royal mummy
160631 | Zig:22   | Noticed a royal mummy
160634 | Zig:22   | Noticed a royal mummy
160635 | Zig:22   | Killed a royal mummy
160635 | Zig:22   | Killed a royal mummy
160635 | Zig:22   | Noticed a royal mummy
160635 | Zig:22   | Noticed a royal mummy
160636 | Zig:22   | Noticed a royal mummy
160636 | Zig:22   | Noticed a royal mummy
160637 | Zig:22   | Noticed a royal mummy
160638 | Zig:22   | Killed a royal mummy
160638 | Zig:22   | Killed a royal mummy
160638 | Zig:22   | Killed a royal mummy
160638 | Zig:22   | Noticed a royal mummy
160638 | Zig:22   | Noticed a royal mummy
160640 | Zig:22   | Killed a royal mummy
160640 | Zig:22   | Killed a royal mummy
160640 | Zig:22   | Killed a royal mummy
160640 | Zig:22   | Killed a royal mummy
160640 | Zig:22   | Noticed a royal mummy
160641 | Zig:22   | Reached skill level 10 in Stealth
160642 | Zig:22   | Killed a royal mummy
160642 | Zig:22   | Killed a royal mummy
160651 | Zig:22   | Killed a royal mummy
160990 | Zig:22   | Identified the +0 chain mail of Reason {Harm rF- rC+ Int+3}
161017 | Zig:22   | Identified the +2 robe "Moeniq Watza" {Rampage rF+ Int-3}
161020 | Zig:22   | Identified the ring "Jingonay" {rN+ Str+6}
161266 | Zig:22   | Identified the ring "Lulem" {*Corrode rF++ rC++ Str+6}
161286 | Zig:23   | Entered Level 23 of a ziggurat
161311 | Zig:23   | Reached skill level 27 in Shields
161494 | Zig:23   | Identified the +9 arbalest of Pride {freeze, Will- Str+6
                  | Int+5}
161501 | Zig:23   | Identified the staff of earth "Qak Xap" {MP+9 Str+4 SInv
                  | Stlth-}
161502 | Zig:23   | Identified the +0 eveningstar of Responsibility {pain,
                  | rElec Str+5}
161505 | Zig:23   | Identified the +4 rapier "Faokyizo" {spect, *Corrode Str+4
                  | Int+5}
161746 | Zig:24   | Entered Level 24 of a ziggurat
161773 | Zig:24   | Noticed Qonaggae the pandemonium lord
161776 | Zig:24   | Killed Qonaggae the pandemonium lord
161992 | Zig:24   | Found the ring of the Octopus King
162029 | Zig:24   | Identified the +11 arbalest of Yqobin {freeze, Dex+3}
162030 | Zig:24   | Identified the +7 falchion of the Delightful God {pain,
                  | +Blink rN+ Int+4 Dex-5}
162041 | Zig:24   | Identified the ring of Elidesey {rF+ rC- rCorr Str+9}
162048 | Zig:24   | Identified a ring of the Octopus King {rF+ HP+2 AC+2 EV+2
                  | SH+2}
162049 | Zig:24   | Identified the +2 falchion "Oskaos" {antimagic, Int+3}
162052 | Zig:24   | Identified the +2 great sword of Terra Nullius {heavy,
                  | Contam rCorr Str+5 Int+3}
162086 | Zig:25   | Entered Level 25 of a ziggurat
162111 | Zig:25   | Gained mutation: You are strong-willed. (Will+) [a
                  | cacodemon]
162113 | Zig:25   | Gained mutation: You are dopey. (Int -2) [a cacodemon]
162115 | Zig:25   | Noticed Ubbao the pandemonium lord
162122 | Zig:25   | Killed Ubbao the pandemonium lord
162588 | Zig:25   | Identified the +4 robe of Gashun {rCorr}
162596 | Zig:25   | Identified the +0 plate armour of Duty {Drain rC- Regen+
                  | Int+5}
162599 | Zig:25   | Identified the +10 longbow of the Unliving {heavy, *Slow
                  | Fly rElec rC-}
162600 | Zig:25   | Identified the +0 shadow dragon scales of the Saviour
                  | {Dex+2 Stlth++++}
162604 | Zig:25   | Identified the +1 ring mail of Kindness {Drain rElec rN++}
162608 | Zig:25   | Identified the staff of fire "Weicsona" {+Blink rF+ Dex+5}
162702 | Zig:26   | Entered Level 26 of a ziggurat
162967 | Zig:26   | Identified the +5 scimitar "Ugeothru" {flame, +Blink rElec
                  | Str+3 SInv Stlth-}
162970 | Zig:26   | Identified the +2 mace of Qorasm {elec, rElec SInv Stlth+}
163036 | Zig:26   | Identified the +4 morningstar of Truncation {freeze, rPois
                  | rF+ Str+3 Int+8}
163044 | Zig:26   | Identified the +1 quarterstaff "Niuris" {heavy, rC+ Str+2}
163084 | Zig:26   | Reached skill level 5 in Evocations
163093 | Zig:26   | Identified the +2 bardiche of Butchery {flame, rN+ Str+2}
163094 | Zig:26   | Identified the +0 chain mail of the Dwarven Hall {Dex+2
                  | Slay+3}
163184 | Zig:27   | Entered Level 27 of a ziggurat
163200 | Zig:27   | Noticed a dread lich
163202 | Zig:27   | Noticed a dread lich
163209 | Zig:27   | Killed a dread lich
163209 | Zig:27   | Killed a dread lich
163209 | Zig:27   | Noticed an ancient lich
163210 | Zig:27   | Noticed an ancient lich
163210 | Zig:27   | Noticed a dread lich
163211 | Zig:27   | Killed an ancient lich
163211 | Zig:27   | Killed a dread lich
163212 | Zig:27   | Reached skill level 15 in Stealth
163212 | Zig:27   | Noticed a dread lich
163213 | Zig:27   | Killed an ancient lich
163213 | Zig:27   | Killed a dread lich
163215 | Zig:27   | Noticed an ancient lich
163218 | Zig:27   | Killed an ancient lich
163693 | Zig:27   | Identified the +6 plate armour of Eternal Vigilance {+Blink
                  | Slay+2}
163696 | Zig:27   | Identified the +1 leather armour "Vuimm" {rPois rC+ Str+4}
164253 | Vaults:1 | You paid a toll of 15 scrolls of teleportation to enter a
                  | treasure trove
164254 | Trove    | Entered a treasure trove
164263 | Trove    | Identified the ring of the Shrinking Pariah {rC+ rCorr
                  | Int+3}
164266 | Trove    | Identified the +5 scimitar of Raot {flame, Stlth+}
164276 | Trove    | Identified the ring of Miufec Oxze {rCorr SInv}
164561 | Lair:1   | Bought a faintly humming ring mail for 288 gold pieces
164561 | Lair:1   | Identified the +0 ring mail of the Wilderness {*Slow rN++
                  | Str+2} (You bought it in a shop on level 1 of the Lair of
                  | Beasts)
164579 | Lair:1   | Bought a scroll of teleportation for 60 gold pieces
168324 | Coc:7    | Entered Level 7 of Cocytus
169240 | Dis:1    | Reached skill level 27 in Conjurations
171253 | Dis:4    | You are sucked into a shaft and drop 2 floors!
172284 | Dis:7    | Entered Level 7 of the Iron City of Dis
172554 | Dis:7    | Identified the +0 ring mail of the Tentacled God {-Tele
                  | rC++ rN+ Str-5}
173553 | Geh:7    | Entered Level 7 of Gehenna
173592 | Geh:7    | Reached skill level 15 in Dodging
174938 | Geh:7    | Identified the +8 scimitar "Picoqia" {drain, rN+ Will+
                  | Int+3}
176044 | Geh:7    | Found the +13 sceptre of Asmodeus
176044 | Geh:7    | Noticed Asmodeus
176102 | Geh:7    | Killed Asmodeus
176305 | Geh:7    | Got an obsidian rune of Zot
177131 | Coc:7    | Reached skill level 5 in Summonings
178054 | Slime:5  | Killed the Royal Jelly
178211 | Slime:5  | Identified the +0 cloak of Complete Protection {rPois rF++}
178233 | Slime:5  | Identified the staff of conjuration "Saluv" {rElec MP+9
                  | Int-4}
178244 | Slime:5  | Identified the +0 leather armour of Xicham {Rampage}
178273 | Slime:5  | Got a slimy rune of Zot
178274 | Slime:5  | Identified the +1 chain mail of Fun {rF+ Will+ Str+3}
178282 | Slime:5  | Identified the +0 scale mail "Ilaro" {+Blink rElec Dex+3}
178314 | Slime:5  | Identified the +3 battleaxe "Joph" {flame, Fragile rPois
                  | rF+++ Will-}
178317 | Slime:5  | Identified the +0 leather armour of the Gate {*Slow rPois
                  | Regen+}
180705 | Dis:7    | Noticed a juggernaut
180717 | Dis:7    | Killed a juggernaut
180718 | Dis:7    | Reached skill level 27 in Armour
180723 | Dis:7    | Reached skill level 10 in Staves
181951 | Dis:7    | Identified the +0 chain mail "Fopnileu" {rElec}
182032 | Dis:7    | Identified the ring of Locsuh {rElec rF+}
182414 | Dis:7    | Noticed a juggernaut
182432 | Dis:7    | Killed a juggernaut
183879 | Dis:7    | Noticed the Serpent of Hell
183885 | Dis:7    | Killed the Serpent of Hell
184255 | Dis:7    | Noticed Dispater
184340 | Dis:7    | Killed Dispater
184577 | Dis:7    | Got an iron rune of Zot
184673 | Dis:7    | Noticed a juggernaut
184677 | Dis:7    | Killed a juggernaut
185100 | Lair:1   | Bought a potion of curing for 45 gold pieces
185100 | Lair:1   | Bought a potion of haste for 150 gold pieces
185100 | Lair:1   | Bought a potion of curing for 45 gold pieces
186210 | Tar:3    | Found a huge runed gate.
186210 | Tar:3    | Found a huge runed gate.
186210 | Tar:3    | Found a huge runed gate.
186210 | Tar:3    | Found a huge runed gate.
186210 | Tar:3    | Found a huge runed gate.
186213 | Tar:3    | Found a huge runed gate.
186214 | Tar:3    | Found a huge runed gate.
186214 | Tar:3    | Found a huge runed gate.
186215 | Tar:3    | Found a huge runed gate.
186215 | Tar:3    | Found a huge runed gate.
186216 | Tar:3    | Found a huge runed gate.
186217 | Tar:3    | Found a huge runed gate.
186218 | Tar:3    | Found a huge runed gate.
186219 | Tar:3    | Found a huge runed gate.
186220 | Tar:3    | Found a huge runed gate.
186232 | Tar:3    | Found a huge runed gate.
186232 | Tar:3    | Found a huge runed gate.
186232 | Tar:3    | Found a huge runed gate.
186232 | Tar:3    | Found a huge runed gate.
186697 | Tar:3    | Found a huge runed gate.
186697 | Tar:3    | Found a huge runed gate.
186698 | Tar:3    | Found a huge runed gate.
186699 | Tar:3    | Found a huge runed gate.
186700 | Tar:3    | Found a huge runed gate.
186701 | Tar:3    | Found a huge runed gate.
186701 | Tar:3    | Found a huge runed gate.
186702 | Tar:3    | Found a huge runed gate.
186703 | Tar:3    | Found a huge runed gate.
186704 | Tar:3    | Found a huge runed gate.
186705 | Tar:3    | Found a huge runed gate.
186706 | Tar:3    | Found a huge runed gate.
186707 | Tar:3    | Found a huge runed gate.
186708 | Tar:3    | Found a huge runed gate.
186716 | Tar:3    | Found a huge runed gate.
186716 | Tar:3    | Found a huge runed gate.
186716 | Tar:3    | Found a huge runed gate.
186744 | Tar:3    | Noticed a dread lich
186744 | Tar:3    | Noticed an ancient lich
186746 | Tar:3    | Killed an ancient lich
186746 | Tar:3    | Killed a dread lich
187193 | Tar:4    | Reached skill level 10 in Summonings
188907 | Tar:7    | Entered Level 7 of Tartarus
189994 | Tar:7    | Noticed an ancient lich
189995 | Tar:7    | Noticed a dread lich
189998 | Tar:7    | Killed an ancient lich
190000 | Tar:7    | Killed a dread lich
190092 | Tar:7    | Identified the +4 spear "Baagazi" {protect, Int+2}
190094 | Tar:7    | Identified the staff of death "Seefuem" {rPois rF+ rN+}
190365 | Tar:7    | Noticed an ancient lich
190456 | Tar:7    | Killed an ancient lich
191112 | Tar:7    | Reached skill level 27 in Fighting
191333 | Tar:7    | Noticed Ereshkigal
191354 | Tar:7    | Killed Ereshkigal
191781 | Tar:7    | Identified the ring "Dehim" {Fire rElec Str+3 Stlth+}
191814 | Tar:7    | Identified the staff of air "Lyupsuco" {rElec rN+}
191930 | Tar:7    | Identified the +9 mace "Hioclola" {flame, rCorr Str+2
                  | Int+2}
192039 | Tar:7    | Got a bone rune of Zot
192127 | Tar:7    | Noticed a dread lich
192129 | Tar:7    | Killed a dread lich
193389 | Coc:7    | Noticed Antaeus
193438 | Coc:7    | Paralysed by a wendigo for 1 turns
194038 | Coc:7    | Killed Antaeus
194212 | Coc:7    | Got an icy rune of Zot
195103 | Tomb:1   | Learned a level 5 spell: Iskenderun's Battlesphere
195449 | Tomb:2   | Noticed a royal mummy
195451 | Tomb:2   | Noticed a royal mummy
195454 | Tomb:2   | Noticed a royal mummy
195454 | Tomb:2   | Noticed a royal mummy
195457 | Tomb:2   | Killed a royal mummy
195457 | Tomb:2   | Killed a royal mummy
195458 | Tomb:2   | Killed a royal mummy
195458 | Tomb:2   | Killed a royal mummy
196085 | Tomb:2   | Identified the +0 ring mail of Anuoc {Will+++ Str-4 SInv
                  | Stlth-}
196991 | Tomb:3   | Entered Level 3 of the Tomb of the Ancients
197001 | Tomb:3   | Noticed a royal mummy
197001 | Tomb:3   | Noticed a royal mummy
197005 | Tomb:3   | Killed a royal mummy
197006 | Tomb:3   | Noticed a royal mummy
197009 | Tomb:3   | Killed a royal mummy
197012 | Tomb:3   | Noticed a royal mummy
197018 | Tomb:3   | Killed a royal mummy
197018 | Tomb:3   | Killed a royal mummy
197024 | Tomb:3   | Noticed a royal mummy
197026 | Tomb:3   | Killed a royal mummy
197030 | Tomb:3   | Noticed a royal mummy
197033 | Tomb:3   | Killed a royal mummy
197038 | Tomb:3   | Noticed a royal mummy
197048 | Tomb:3   | Killed a royal mummy
197048 | Tomb:3   | Noticed a royal mummy
197048 | Tomb:3   | Noticed Khufu
197056 | Tomb:3   | Killed Khufu
197057 | Tomb:3   | Killed a royal mummy
197443 | Tomb:3   | Identified the +6 morningstar "Lanoom" {drain, rN+ Dex+2}
197675 | Tomb:3   | Identified the +4 plate armour of Vampiric Thralls {Drain
                  | rPois SInv}
197688 | Tomb:3   | Identified the staff of fire "Nuwet" {rPois rF+ rC- Str+3}
197715 | Tomb:3   | Identified the +1 chain mail of the Heavens {rPois rN+
                  | Regen+ Int+2}
197873 | Tomb:3   | Got a golden rune of Zot
198457 | Lair:1   | Bought a scroll of blinking for 82 gold pieces
198463 | Lair:1   | Bought the ring "Tugan" {rF+ rCorr Int+6 Dex+4 Stlth-} for
                  | 813 gold pieces
198787 | Zot:1    | Entered Level 1 of the Realm of Zot
199942 | Zot:1    | Found a runed translucent gate.
199942 | Zot:1    | Found a runed translucent gate.
199942 | Zot:1    | Found a runed translucent gate.
199942 | Zot:1    | Noticed Jofris Vesimp's ghost (legendary GnFE)
202657 | Lair:1   | Acquired 849 gold pieces
202658 | Lair:1   | Acquired a manual of Transmutations
202670 | Zig:1    | Entered Level 1 of a ziggurat
202705 | Zig:2    | Entered Level 2 of a ziggurat
202801 | Zig:3    | Entered Level 3 of a ziggurat
202866 | Zig:3    | Identified the staff of earth "Ewoujaa" {Fly rPois rC+
                  | Will+}
202884 | Zig:4    | Entered Level 4 of a ziggurat
202979 | Zig:5    | Entered Level 5 of a ziggurat
203074 | Zig:5    | Identified the scarf of the Garden {harm, rF+++ rC- Dex+3}
203088 | Zig:6    | Entered Level 6 of a ziggurat
203094 | Zig:6    | Noticed a dread lich
203097 | Zig:6    | Killed a dread lich
203226 | Zig:6    | Identified the +7 gold dragon scales of Liberty {rPois rF+
                  | rC+ Regen+ SInv}
203236 | Zig:6    | Identified the +3 plate armour of Niklacix {+Inv Str+5}
203356 | Zig:7    | Entered Level 7 of a ziggurat
203556 | Zig:8    | Entered Level 8 of a ziggurat
203671 | Zig:8    | Identified the +7 battleaxe "Oqaeby Isann" {freeze, rF-
                  | Will- rCorr SInv}
203673 | Zig:8    | Identified the +2 robe "Torojiogh" {rElec rPois Int+5
                  | Stlth-}
203683 | Zig:8    | Identified the +0 robe of Tenacity {-Cast Slay+6}
203707 | Zig:9    | Entered Level 9 of a ziggurat
203788 | Zig:9    | Identified the staff of earth "Vafuruoh" {Will+}
203830 | Zig:10   | Entered Level 10 of a ziggurat
204040 | Zig:10   | Identified the +3 mace of the Squeaky God {venom, rC- Int+4
                  | Stlth+}
204171 | Zig:11   | Entered Level 11 of a ziggurat
204181 | Zig:11   | Found the +18 shield of the Gong {Loud rN+ Will+ rCorr
                  | EV-5}
204426 | Zig:11   | Identified the ring "Xojytog" {Dex+3 SInv}
204466 | Zig:12   | Entered Level 12 of a ziggurat
204473 | Zig:12   | Noticed a royal mummy
204473 | Zig:12   | Noticed a royal mummy
204476 | Zig:12   | Killed a royal mummy
204476 | Zig:12   | Noticed a royal mummy
204478 | Zig:12   | Killed a royal mummy
204479 | Zig:12   | Killed a royal mummy
204753 | Zig:12   | Identified the amulet "Corghidgh" {rC++ Regen+ Str-3 Dex+3
                  | SInv}
204780 | Zig:12   | Identified the +5 chain mail of Kleptomania {Harm rC+ Str+4
                  | Dex-2}
204795 | Zig:12   | Identified the amulet of Makhu {Harm *Slow Regen+ Dex+7
                  | Stlth+}
204802 | Zig:12   | Identified the staff of poison "Loff" {*Slow rElec rPois
                  | Str+3}
204806 | Zig:13   | Entered Level 13 of a ziggurat
204814 | Zig:13   | Noticed Wicwe Bafehy the pandemonium lord
204814 | Zig:13   | Noticed Joletu the pandemonium lord
204814 | Zig:13   | Noticed Eruic the pandemonium lord
204814 | Zig:13   | Noticed Paomav the pandemonium lord
204815 | Zig:13   | Noticed Tokkeaf the pandemonium lord
204817 | Zig:13   | Noticed Vyallif the pandemonium lord
204818 | Zig:13   | Killed Joletu the pandemonium lord
204822 | Zig:13   | Killed Paomav the pandemonium lord
204822 | Zig:13   | Killed Wicwe Bafehy the pandemonium lord
204825 | Zig:13   | Killed Eruic the pandemonium lord
204826 | Zig:13   | Killed Tokkeaf the pandemonium lord
204836 | Zig:13   | Killed Vyallif the pandemonium lord
205049 | Zig:13   | Identified the staff of fire "Deroz" {rF+ rC+ Dex+4}
205084 | Zig:13   | Identified the +8 short sword "Loprof" {freeze, Str+3}
205103 | Zig:14   | Entered Level 14 of a ziggurat
205290 | Zig:14   | Identified the +0 plate armour of Beogh's Wrath {Harm
                  | Rampage rC+}
205294 | Zig:14   | Identified the +5 shortbow "Beetle's Death" {drain, rPois
                  | rF++ Str-5 Int+2}
205328 | Zig:15   | Entered Level 15 of a ziggurat
205692 | Zig:15   | Identified the +3 plate armour of Bochavosch {rN+ Regen+}
205697 | Zig:15   | Identified the staff of death "Woaris" {rN+ Str+3}
205707 | Zig:15   | Identified the staff of conjuration "Kiodwyet" {Int+3}
205801 | Zig:16   | Entered Level 16 of a ziggurat
205808 | Zig:16   | Noticed a juggernaut
205809 | Zig:16   | Reached skill level 27 in Stealth
205810 | Zig:16   | Noticed a juggernaut
205811 | Zig:16   | Killed a juggernaut
205813 | Zig:16   | Killed a juggernaut
205814 | Zig:16   | Found the +27 heavy crossbow "Sniper" {heavy, Acc+∞ SInv}
205816 | Zig:16   | Reached skill level 15 in Staves
205960 | Zig:16   | Found the +6 Majin-Bo {spellvamp, MP+6 Int+6}
206066 | Zig:16   | Identified the staff of air "Inla" {Fragile rElec rF++ MP+9
                  | Int+4}
206068 | Zig:16   | Identified the +0 leather armour "Dabidug" {rPois rN+}
206069 | Zig:16   | Identified the +9 hand axe "Jokup" {flame, Drain rF++
                  | Int+5}
206071 | Zig:16   | Identified the ring "Mesuff" {rPois rN+ Will- rCorr Dex+4}
206076 | Zig:16   | Identified the amulet of Qazlal, Mashing {Spirit Int+2}
206122 | Zig:16   | Identified the +9 plate armour of the Baker {*Slow Will+
                  | SInv}
206160 | Zig:17   | Entered Level 17 of a ziggurat
206186 | Zig:17   | Found the +9 sword of Zonguldrok {reap}
206479 | Zig:17   | Identified the +10 falchion of the Uplifting Gods {drain,
                  | SInv}
206482 | Zig:17   | Identified the staff of death "Omuvemeu" {Fly rElec rN+
                  | Dex+3}
206485 | Zig:17   | Identified the ring of Puefatz {rPois rN+ Str+6}
206491 | Zig:17   | Identified the ring "Sodaso" {EV+5 Dex+4}
206496 | Zig:17   | Identified the +9 hand axe "Reitemuam" {freeze, *Rage rPois
                  | rCorr Int+3}
206498 | Zig:17   | Identified the scarf of the Big Bang {repulsion, Str+6}
206528 | Zig:18   | Entered Level 18 of a ziggurat
206806 | Zig:18   | Identified the +10 quarterstaff "Vekask" {flame, MP+9}
206807 | Zig:18   | Identified the staff of fire "Veuveargh" {rPois rF+ Stlth+}
206811 | Zig:18   | Identified the +7 battleaxe of Kismet {speed, *Slow rN+++
                  | Will- Dex+8}
206818 | Zig:18   | Identified the +6 war axe "Idwe Ust" {holy, rC+ Str+3}
206826 | Zig:18   | Identified the +5 dagger "Tin Menou" {protect, rF+ Dex-3
                  | SInv}
206830 | Zig:18   | Identified the staff of air "Xigoew" {rElec Will+ Int+3}
206850 | Zig:19   | Entered Level 19 of a ziggurat
206855 | Zig:19   | Noticed a dread lich
206855 | Zig:19   | Noticed an ancient lich
206858 | Zig:19   | Noticed a dread lich
206860 | Zig:19   | Killed an ancient lich
206860 | Zig:19   | Killed a dread lich
206860 | Zig:19   | Killed a dread lich
206861 | Zig:19   | Reached skill level 15 in Summonings
206862 | Zig:19   | Noticed an ancient lich
206864 | Zig:19   | Killed an ancient lich
207206 | Zig:19   | Identified the +1 pair of gloves of Cocytus {rN+ Int+3}
207278 | Zig:19   | Acquired a manual of Unarmed Combat
207287 | Zig:20   | Entered Level 20 of a ziggurat
207300 | Zig:20   | Reached skill level 27 in Dodging
207628 | Zig:20   | Identified the +2 ice dragon scales of Integrity {Drain rF-
                  | rC++ Regen+ Str+2 Dex+3}
207629 | Zig:20   | Identified the staff of air "Becuogg" {rElec rN+ Int+5}
207714 | Zig:21   | Entered Level 21 of a ziggurat
207735 | Zig:21   | Found the +7 Spriggan's Knife {stab, EV+4 Stlth+}
207950 | Zig:21   | Identified the +2 shortbow of Qeguj {flame, rElec Int+3}
207957 | Zig:21   | Identified the +15 plate armour of Joy {rElec}
208088 | Zig:22   | Entered Level 22 of a ziggurat
208095 | Zig:22   | Noticed an orb of fire
208096 | Zig:22   | Noticed an orb of fire
208098 | Zig:22   | Noticed an orb of fire
208099 | Zig:22   | Noticed an orb of fire
208099 | Zig:22   | Noticed an orb of fire
208100 | Zig:22   | Noticed an orb of fire
208100 | Zig:22   | Noticed an orb of fire
208100 | Zig:22   | Gained mutation: You are frail. (-10% HP) [an orb of fire]
208101 | Zig:22   | Noticed an orb of fire
208102 | Zig:22   | Killed an orb of fire
208102 | Zig:22   | Noticed an orb of fire
208104 | Zig:22   | Noticed an orb of fire
208105 | Zig:22   | Noticed an orb of fire
208106 | Zig:22   | Gained mutation: You occasionally lose the ability to read
                  | scrolls when taking damage. [an orb of fire]
208106 | Zig:22   | Gained mutation: You are very dopey. (Int -4) [an orb of
                  | fire]
208107 | Zig:22   | Noticed an orb of fire
208107 | Zig:22   | Killed an orb of fire
208107 | Zig:22   | Killed an orb of fire
208107 | Zig:22   | Killed an orb of fire
208107 | Zig:22   | Killed an orb of fire
208107 | Zig:22   | Killed an orb of fire
208116 | Zig:22   | Killed an orb of fire
208117 | Zig:22   | Lost mutation: You are agile. (Dex +4, Str/Int -1) [an orb
                  | of fire]
208128 | Zig:22   | Gained mutation: Your magical capacity is low. (-10% MP)
                  | [an orb of fire]
208131 | Zig:22   | Killed an orb of fire
208133 | Zig:22   | Killed an orb of fire
208133 | Zig:22   | Killed an orb of fire
208135 | Zig:22   | Gained mutation: You sometimes lose your temper in combat.
                  | [an orb of fire]
208138 | Zig:22   | Killed an orb of fire
208139 | Zig:22   | Killed an orb of fire
208448 | Zig:22   | Found the necklace of Bloodlust {Fury *Rage Will++ Int-3
                  | Slay+6}
208448 | Zig:22   | Found the dreamshard necklace {*Dream Drain}
208456 | Zig:22   | Found the +8 demon blade "Leech" {evervamp, Harm Drain rN+}
208509 | Zig:22   | Identified the ring of Sikk {Fly Dex+5}
208510 | Zig:22   | Identified the amulet of Ytorgh {+Inv Fly Regen+ Int+2}
208511 | Zig:22   | Identified the +4 trident of Ascent {speed, Fly rElec rF+
                  | Int-4}
208516 | Zig:22   | Identified the ring "Abaschit" {rElec rPois rN+ Int+6}
208522 | Zig:22   | Identified the amulet of Beggirariat {Reflect Int+5 Slay+3
                  | SH+5}
208527 | Zig:22   | Identified the staff of death "Ofodad" {rN+ rCorr}
208538 | Zig:22   | Identified the +8 quarterstaff of Inflation {freeze,
                  | Will++}
208541 | Zig:22   | Identified the +9 halberd "Earthworm" {heavy, rElec Str+3
                  | Int+4}
208602 | Zig:23   | Entered Level 23 of a ziggurat
208616 | Zig:23   | Reached skill level 5 in Transmutations
208617 | Zig:23   | Reached skill level 5 in Ice Magic
208987 | Zig:23   | Identified the amulet "Rienimih" {Contam rC++ Regen+ Int+6}
208995 | Zig:23   | Identified the ring "Hunasmiela" {Str+5 Dex+6}
209011 | Zig:23   | Identified the ring "Compain" {+Blink rC++ Str+6 Int+2
                  | SInv}
209012 | Zig:23   | Identified the +0 chain mail "Xyugian" {Harm Rampage rPois
                  | Str-3}
209029 | Zig:23   | Reached skill level 10 in Ice Magic
209045 | Zig:23   | Acquired 865 gold pieces
209049 | Zig:23   | Acquired a manual of Unarmed Combat
209072 | Zig:24   | Entered Level 24 of a ziggurat
209085 | Zig:24   | Reached skill level 10 in Transmutations
209090 | Zig:24   | Reached skill level 5 in Unarmed Combat
209398 | Zig:24   | Identified the +1 leather armour of the Spheres {Harm
                  | Str+3}
209408 | Zig:24   | Identified the ring of Desertification {Wiz rF+ Int+3}
209417 | Zig:24   | Identified the +1 hand axe of Bile {flame, Will- Str+6 SInv
                  | Stlth-}
209500 | Zig:24   | Lost mutation: Your spells are a little harder to cast, but
                  | a little more powerful. [potion of mutation]
209500 | Zig:24   | Lost mutation: You are very dopey. (Int -4) [potion of
                  | mutation]
209500 | Zig:24   | Lost mutation: Your magical capacity is low. (-10% MP)
                  | [potion of mutation]
209501 | Zig:24   | Lost mutation: You occasionally lose the ability to read
                  | scrolls when taking damage. [potion of mutation]
209501 | Zig:24   | Lost mutation: You are frail. (-10% HP) [potion of
                  | mutation]
209501 | Zig:24   | Lost mutation: You are strong-willed. (Will+) [potion of
                  | mutation]
209501 | Zig:24   | Gained mutation: Your movements are slightly less
                  | encumbered by armour. (ER -2) [potion of mutation]
209501 | Zig:24   | Gained mutation: Potions are less effective at restoring
                  | your health. [potion of mutation]
209502 | Zig:24   | Lost mutation: Your movements are slightly less encumbered
                  | by armour. (ER -2) [potion of mutation]
209502 | Zig:24   | Lost mutation: You sometimes lose your temper in combat.
                  | [potion of mutation]
209502 | Zig:24   | Gained mutation: Your flesh is cold resistant. (rC+)
                  | [potion of mutation]
209502 | Zig:24   | Gained mutation: You are frail. (-10% HP) [potion of
                  | mutation]
209502 | Zig:24   | Gained mutation: You are weak. (Str -2) [potion of
                  | mutation]
209502 | Zig:24   | Gained mutation: Your flesh is very cold resistant. (rC++)
                  | [potion of mutation]
209503 | Zig:24   | Lost mutation: Potions are less effective at restoring your
                  | health. [potion of mutation]
209503 | Zig:24   | Lost mutation: Your flesh is very cold resistant. (rC++)
                  | [potion of mutation]
209503 | Zig:24   | Lost mutation: You are weak. (Str -2) [potion of mutation]
209503 | Zig:24   | Gained mutation: You possess an exceptional clarity of
                  | mind. [potion of mutation]
209517 | Zig:25   | Entered Level 25 of a ziggurat
209523 | Zig:25   | Noticed a juggernaut
209523 | Zig:25   | Noticed a juggernaut
209523 | Zig:25   | Noticed a juggernaut
209523 | Zig:25   | Noticed a juggernaut
209525 | Zig:25   | Noticed a juggernaut
209525 | Zig:25   | Noticed a juggernaut
209525 | Zig:25   | Noticed a juggernaut
209526 | Zig:25   | Noticed a juggernaut
209527 | Zig:25   | Killed a juggernaut
209527 | Zig:25   | Killed a juggernaut
209527 | Zig:25   | Killed a juggernaut
209527 | Zig:25   | Killed a juggernaut
209527 | Zig:25   | Noticed a juggernaut
209528 | Zig:25   | Killed a juggernaut
209528 | Zig:25   | Killed a juggernaut
209529 | Zig:25   | Noticed a juggernaut
209529 | Zig:25   | Noticed a juggernaut
209534 | Zig:25   | Killed a juggernaut
209534 | Zig:25   | Killed a juggernaut
209534 | Zig:25   | Killed a juggernaut
209535 | Zig:25   | Reached skill level 10 in Unarmed Combat
209536 | Zig:25   | Noticed a juggernaut
209536 | Zig:25   | Killed a juggernaut
209536 | Zig:25   | Killed a juggernaut
209536 | Zig:25   | Noticed a juggernaut
209537 | Zig:25   | Noticed a juggernaut
209541 | Zig:25   | Killed a juggernaut
209543 | Zig:25   | Killed a juggernaut
209552 | Zig:25   | Killed a juggernaut
209764 | Zig:25   | Identified the +8 glaive "Nareoxky" {antimagic, rElec Will-
                  | Int+7 Stlth+}
209770 | Zig:25   | Identified the +6 triple sword of Exoneration {pain, rF+
                  | rN+}
209782 | Zig:25   | Identified the +1 leather armour of the Lion {Harm Rampage
                  | Int+3}
209787 | Zig:25   | Identified the ring of Fatigue {Ice rN+ Str-4 Int+2}
209789 | Zig:25   | Identified the amulet of Wijouda {Acrobat rPois rN+++
                  | Regen+ Dex-2}
209809 | Zig:25   | Identified the +6 mace "Uxeij" {flame, *Rage rPois rCorr
                  | Int+7}
209815 | Zig:25   | Identified the +11 hand axe of the Pure Artists {heavy,
                  | Will+ Int+6}
209816 | Zig:25   | Identified the ring of Dawkafea {EV+5 Str+4}
209826 | Zig:26   | Entered Level 26 of a ziggurat
210485 | Zig:26   | Identified the +7 plate armour "Orud" {Str+5 Int-5}
210490 | Zig:26   | Identified the +4 short sword of Diusaxull {vamp, Int+3}
210512 | Zig:26   | Identified the staff of death "Nypsosu" {rN+ Str+5 Dex+3}
210524 | Zig:26   | Identified the staff of earth "Wioshru" {Fragile rPois
                  | rCorr Str+4}
210540 | Zig:26   | Acquired 1064 gold pieces
210559 | Zig:26   | Identified the +2 sling "Byrgh" {heavy, Stlth+}
210758 | Zig:1    | Entered Level 1 of a ziggurat
210764 | Zig:1    | Reached skill level 15 in Ice Magic
210786 | Zig:2    | Entered Level 2 of a ziggurat
210868 | Zig:3    | Entered Level 3 of a ziggurat
210963 | Zig:4    | Entered Level 4 of a ziggurat
211016 | Zig:4    | Identified the +9 hand axe of Truncation {heavy, Str+5
                  | Dex+6}
211041 | Zig:5    | Entered Level 5 of a ziggurat
211044 | Zig:5    | Noticed a royal mummy
211050 | Zig:5    | Killed a royal mummy
211130 | Zig:5    | Identified the +3 mace of World's End {speed, rC+ Str+2}
211131 | Zig:5    | Identified the +0 ring mail of Jumamef {rN+ Dex+3 SInv}
211158 | Zig:6    | Entered Level 6 of a ziggurat
211163 | Zig:6    | Noticed an ancient lich
211165 | Zig:6    | Killed an ancient lich
211341 | Zig:6    | Identified the staff of cold "Idosm" {rElec rC+ Int+3}
211342 | Zig:6    | Identified the staff of air "Quoriroc" {rElec Str+4 Int+6}
211385 | Zig:7    | Entered Level 7 of a ziggurat
211398 | Zig:7    | Reached skill level 15 in Unarmed Combat
211539 | Zig:7    | Identified the +3 pair of gloves of Privacy {Str+3}
211573 | Zig:8    | Entered Level 8 of a ziggurat
211669 | Zig:8    | Identified the +1 robe "Neoxt" {rC- rN+ rCorr Str+2}
211701 | Zig:9    | Entered Level 9 of a ziggurat
211869 | Zig:10   | Entered Level 10 of a ziggurat
212008 | Zig:10   | Identified the +11 mace of Traps {flame, Stlth+}
212024 | Zig:11   | Entered Level 11 of a ziggurat
212385 | Zig:12   | Entered Level 12 of a ziggurat
212393 | Zig:12   | Noticed a juggernaut
212397 | Zig:12   | Killed a juggernaut
212616 | Zig:12   | Identified the +0 ring mail of the Evil One {+Blink Fly rC-
                  | Will++ Stlth-}
212624 | Zig:12   | Identified the ring of Okoobyachu {Wiz rF+ Int+3 Dex+5}
212657 | Zig:13   | Entered Level 13 of a ziggurat
212706 | Zig:13   | Reached skill level 15 in Transmutations
212762 | Zig:13   | Identified the +2 chain mail of Melancholy {Int+5 Dex+3}
212768 | Zig:13   | Identified the staff of cold "Ashaich" {rC+ Dex+6}
212769 | Zig:13   | Identified the +4 plate armour of Terror {Stlth+}
212770 | Zig:13   | Identified the +7 falchion of Resumed Hostilities {freeze,
                  | Dex+3}
212776 | Zig:13   | Identified the +4 hand axe of the Supporting Asp {speed,
                  | Stlth+}
212856 | Zig:13   | Learned a level 9 spell: Dragon's Call
213100 | Zig:14   | Entered Level 14 of a ziggurat
213110 | Zig:14   | Paralysed by a floating eye for 2 turns
213115 | Zig:14   | Paralysed by a floating eye for 4 turns
213349 | Zig:14   | Identified the staff of earth "Qauvurah" {Int+6}
213467 | Zig:15   | Entered Level 15 of a ziggurat
213627 | Zig:15   | Identified the +9 halberd of the Lonely Beds {heavy,
                  | Fragile Str+4}
213641 | Zig:15   | Identified the +0 pair of gloves of Philately {Regen+
                  | rCorr}
213643 | Zig:15   | Identified the +9 shortbow of Temperance {drain, rF- rC-
                  | Will+++ rCorr}
213710 | Zig:15   | Identified the ring of Raigg {*Corrode +Blink rPois rC+ rN+
                  | Will+}
213749 | Zig:16   | Entered Level 16 of a ziggurat
214006 | Zig:16   | Identified the staff of death "Wuewk" {rN+ Str+3 Dex+3}
214007 | Zig:16   | Identified the +6 hand axe of the Vestibule of Hell
                  | {freeze, *Slow rN+++ Int-5 SInv}
214093 | Zig:16   | Learned a level 9 spell: Polar Vortex
214096 | Zig:17   | Entered Level 17 of a ziggurat
214142 | Zig:17   | Identified the staff of cold "Quxtomy" {rC+ Will+}
214198 | Zig:17   | Identified the +5 long sword of Fewo {venom, Int+2}
214337 | Zig:18   | Entered Level 18 of a ziggurat
214352 | Zig:18   | Noticed Seama the pandemonium lord
214354 | Zig:18   | Gained mutation: Your body sometimes deteriorates upon
                  | taking damage. [a cacodemon]
214355 | Zig:18   | Killed Seama the pandemonium lord
214363 | Zig:18   | Lost mutation: You are frail. (-10% HP) [a cacodemon]
214639 | Zig:18   | Found the +7 mace of Variability {chaos, chaos arc}
214653 | Zig:18   | Found the amulet of the Air {Inacc Air Fly rElec RMsl}
214694 | Zig:18   | Identified the +6 chain mail "Hafut" {Harm rF- rCorr Str+8}
214713 | Zig:18   | Identified the ring of Gufiol {Fire Dex+6}
214718 | Zig:18   | Identified the +9 sling "Nuradui" {drain, Str+3}
214792 | Zig:19   | Entered Level 19 of a ziggurat
214820 | Zig:19   | Found the +5 Lochaber axe {reach-cleave, Poleaxe Drain}
214820 | Zig:19   | Found the +5 robe of Night {Dark Will+ SInv}
215024 | Zig:19   | Identified the +6 flail of Arrival {heavy, Will+}
215138 | Zig:19   | Acquired the ring "Xitosh" {rPois Will+++ rCorr MP+9 Dex-3}
215153 | Zig:20   | Entered Level 20 of a ziggurat
215366 | Zig:20   | Identified the +12 war axe "Gommiy Docu" {flame, Will+
                  | Str+2}
215372 | Zig:20   | Identified the +4 dagger "Samemobe" {speed, Str-4 Dex+7
                  | SInv}
215373 | Zig:20   | Identified the amulet "Ynaxus" {RegenMP rElec rN++}
215387 | Zig:20   | Identified the ring of Thoughtfulness {Wiz Fly}
215532 | Zig:21   | Entered Level 21 of a ziggurat
215860 | Zig:21   | Identified the ring "Muor" {rPois Str+6 Int+2}
215874 | Zig:21   | Identified the +3 leather armour of Kallil {rPois rN+}
215882 | Zig:21   | Identified the ring "Qimad" {rN+ Str+6}
215944 | Zig:22   | Entered Level 22 of a ziggurat
215966 | Zig:22   | Noticed Puhick the pandemonium lord
215966 | Zig:22   | Noticed Gicwebo the pandemonium lord
215967 | Zig:22   | Noticed Noblu the pandemonium lord
215967 | Zig:22   | Noticed Uhifoa the pandemonium lord
215967 | Zig:22   | Noticed Isabith the pandemonium lord
215967 | Zig:22   | Noticed Ilaudilefe the pandemonium lord
215968 | Zig:22   | Noticed Fuv Modi the pandemonium lord
215968 | Zig:22   | Noticed Wuesch the pandemonium lord
215968 | Zig:22   | Noticed Qullessi the pandemonium lord
215968 | Zig:22   | Noticed Ysaleyxu the pandemonium lord
215968 | Zig:22   | Noticed Jiamuterr the pandemonium lord
215968 | Zig:22   | Noticed Vemu Kiu the pandemonium lord
215969 | Zig:22   | Noticed Iluuhih the pandemonium lord
215969 | Zig:22   | Noticed Kijick the pandemonium lord
215971 | Zig:22   | Killed Uhifoa the pandemonium lord
215971 | Zig:22   | Killed Jiamuterr the pandemonium lord
215971 | Zig:22   | Killed Isabith the pandemonium lord
215971 | Zig:22   | Noticed Mutauwk the pandemonium lord
215971 | Zig:22   | Noticed Owarphes the pandemonium lord
215972 | Zig:22   | Noticed Taebrig the pandemonium lord
215973 | Zig:22   | Killed Wuesch the pandemonium lord
215973 | Zig:22   | Killed Qullessi the pandemonium lord
215974 | Zig:22   | Killed Gicwebo the pandemonium lord
215974 | Zig:22   | Killed Ilaudilefe the pandemonium lord
215974 | Zig:22   | Killed Vemu Kiu the pandemonium lord
215975 | Zig:22   | Killed Taebrig the pandemonium lord
215975 | Zig:22   | Killed Kijick the pandemonium lord
215975 | Zig:22   | Killed Noblu the pandemonium lord
215975 | Zig:22   | Killed Puhick the pandemonium lord
215978 | Zig:22   | Killed Ysaleyxu the pandemonium lord
215985 | Zig:22   | Killed Iluuhih the pandemonium lord
215995 | Zig:22   | Killed Fuv Modi the pandemonium lord
215999 | Zig:22   | Killed Mutauwk the pandemonium lord
216000 | Zig:22   | Killed Owarphes the pandemonium lord
216203 | Zig:22   | Identified the staff of poison "Beexoj" {Fly rPois rN+
                  | Int+3}
216213 | Zig:22   | Identified the +5 rapier "Ikhesuff" {venom, rC+ Int+5}
216237 | Zig:22   | Identified the +2 cloak of Agnosticism {rF+ SInv}
216244 | Zig:22   | Identified the +5 falchion of the Ship {flame, rElec Will++
                  | Dex-3}
216245 | Zig:22   | Identified the +2 long sword of the Hammering Penguin
                  | {pain, rF- rN+ Dex+6}
216353 | Zig:22   | Learned a level 7 spell: Storm Form
216445 | Zig:22   | Learned a level 7 spell: Ozocubu's Refrigeration
216468 | Zig:23   | Entered Level 23 of a ziggurat
216483 | Zig:23   | Paralysed by an air elemental for 1 turns
216650 | Zig:23   | Identified the ring "Eshupim" {rElec MP+9}
216652 | Zig:23   | Identified the ring "Xaanee Liute" {Wiz rC+}
216664 | Zig:23   | Identified the ring of Seravity {rPois rC+ rCorr MP-9
                  | Dex+4}
216692 | Zig:23   | Identified the ring "Fautinigh" {rElec rN+ Str+7 Int+3
                  | Dex-5}
216693 | Zig:23   | Identified the +2 scale mail of Makapr Vouw {rPois rCorr}
216699 | Zig:23   | Identified the +1 battleaxe of the Hurtling Enemy {freeze,
                  | *Rage Int+5 Stlth+}
216867 | Zig:24   | Entered Level 24 of a ziggurat
216887 | Zig:24   | Gained mutation: You are very dopey. (Int -4) [a shining
                  | eye]
216907 | Zig:24   | Found the +2 hat of the Bear Spirit {Spirit, Bear, *Rage
                  | Will++}
217161 | Zig:24   | Identified the +11 plate armour "Iguceh" {-Cast rElec rF++
                  | rCorr}
217175 | Zig:24   | Identified the staff of fire "Mulloh" {Fly rF+}
217191 | Zig:24   | Identified the +1 hand crossbow "Plog" {elec, rC+++ Will+++
                  | Str-5 SInv}
217197 | Zig:24   | Identified the +4 rapier "Wiforerch" {vamp, rC+}
217312 | Zig:25   | Entered Level 25 of a ziggurat
217332 | Zig:25   | Reached skill level 27 in Staves
217638 | Zig:25   | Identified the ring of the Final Chapter {Fire rElec rPois
                  | Str-3 Stlth+}
217639 | Zig:25   | Identified the +6 arbalest of Supply {flame, rPois rC+
                  | Int+2}
217645 | Zig:25   | Identified the +8 trident of Buvequen {chaos, rCorr Str+2
                  | Int+2 SInv}
217649 | Zig:25   | Identified the ring of Tiufydd {rF+ rC+ EV+5 Str+2 Int+3}
217650 | Zig:25   | Identified the staff of air "Kol Rihafi" {+Blink rElec rC++
                  | rN+ Stlth-}
217784 | Zig:26   | Entered Level 26 of a ziggurat
217816 | Zig:26   | Noticed Geismee the pandemonium lord
217819 | Zig:26   | Killed Geismee the pandemonium lord
217836 | Zig:26   | Found the +16 obsidian axe {drain, demonic, Mesm Drain Fly
                  | SInv}
218250 | Zig:26   | Identified the +9 spear of Pandemonium {vamp, *Noise Dex+9}
218251 | Zig:26   | Identified the +2 hand axe of Income {freeze, Str+5}
218254 | Zig:26   | Identified the +0 robe of the Tuna {Dex+2}
218260 | Zig:26   | Identified the staff of cold "Upiffu" {rElec rC+ Str-4
                  | Int+4}
218372 | Zig:27   | Entered Level 27 of a ziggurat
218752 | Zig:27   | Identified the +0 leather armour "Akes" {Harm Rampage
                  | rPois}
218757 | Zig:27   | Identified the +6 lajatang of Pac Modiuno {flame, rPois
                  | Str-3 Int+5}
218767 | Zig:27   | Identified the staff of air "Puar" {Drain rElec rF- rC+
                  | Dex+6}
218768 | Zig:27   | Identified the staff of fire "Wiesoa" {*Slow rPois rF+
                  | Will++ Str-4}
218777 | Zig:27   | Identified the +9 rapier of Deformation {freeze, rN+ Int+2}
218792 | Zig:27   | Identified the ring "Reqinuw" {Ice rElec rN+}
218814 | Zig:27   | Identified the +6 spear of Evolution {freeze, rElec Dex+4}
219207 | Pan      | Entered Pandemonium
219208 | Pan      | Gained mutation: You are frail. (-10% HP) [a cacodemon]
219347 | Pan      | Reached skill level 27 in Unarmed Combat
219868 | Pan      | Lost mutation: You are frail. (-10% HP) [potion of
                  | mutation]
219868 | Pan      | Lost mutation: You possess an exceptional clarity of mind.
                  | [potion of mutation]
219868 | Pan      | Gained mutation: You are partially covered in large bone
                  | plates. (SH +4) [potion of mutation]
219868 | Pan      | Gained mutation: Your muscles are strong. (Str +4, Int/Dex
                  | -1) [potion of mutation]
219868 | Pan      | Gained mutation: You sometimes lose your temper in combat.
                  | [potion of mutation]
219868 | Pan      | Gained mutation: Your natural rate of healing is unusually
                  | fast. [potion of mutation]
219869 | Pan      | Lost mutation: Your natural rate of healing is unusually
                  | fast. [potion of mutation]
219869 | Pan      | Lost mutation: Your muscles are strong. (Str +4, Int/Dex
                  | -1) [potion of mutation]
219869 | Pan      | Lost mutation: Your flesh is cold resistant. (rC+) [potion
                  | of mutation]
219869 | Pan      | Gained mutation: You are mostly covered in large bone
                  | plates. (SH +6) [potion of mutation]
219869 | Pan      | Gained mutation: You have large cloven feet. [potion of
                  | mutation]
219869 | Pan      | Gained mutation: You are partially covered in iridescent
                  | scales. (AC +2) [potion of mutation]
219870 | Pan      | Lost mutation: Your body sometimes deteriorates upon taking
                  | damage. [potion of mutation]
219870 | Pan      | Lost mutation: You have large cloven feet. [potion of
                  | mutation]
219870 | Pan      | Gained mutation: You are strong-willed. (Will+) [potion of
                  | mutation]
220085 | Pan      | Noticed Xomokh the pandemonium lord
220136 | Pan      | Killed Xomokh the pandemonium lord
221132 | Pan      | Noticed Qiasaps the pandemonium lord
221141 | Pan      | Killed Qiasaps the pandemonium lord
221440 | Pan      | Identified the +4 chain mail "Wij Hoir" {-Cast rElec Regen+
                  | SInv}
221622 | Pan      | Gained mutation: You occasionally lose the ability to read
                  | scrolls when taking damage. [a cacodemon]
221825 | Pan      | Lost mutation: You occasionally lose the ability to read
                  | scrolls when taking damage. [potion of mutation]
221825 | Pan      | Lost mutation: You sometimes lose your temper in combat.
                  | [potion of mutation]
221825 | Pan      | Gained mutation: You have supernaturally acute eyesight.
                  | (SInv) [potion of mutation]
222000 | Pan      | Identified the +6 dagger "Piptimuo" {freeze, rC+ rCorr
                  | Str+2 Int-2}
223048 | Pan      | Learned a level 5 spell: Blade Hands
223050 | Pan      | Noticed Emeguoteko the pandemonium lord
223059 | Pan      | Killed Emeguoteko the pandemonium lord
223346 | Pan      | Found an exit through the horrors of the Abyss.
224111 | Pan      | Noticed Icom the pandemonium lord
224146 | Pan      | Killed Icom the pandemonium lord
224386 | Pan      | Learned a level 8 spell: Summon Horrible Things
224565 | Pan      | Found an exit through the horrors of the Abyss.
224883 | Pan      | Entered the realm of Lom Lobon.
226052 | Pan      | Noticed Lom Lobon
226067 | Pan      | Killed Lom Lobon
226118 | Pan      | Got a magical rune of Zot
227601 | Pan      | Noticed Gisasu the pandemonium lord
227609 | Pan      | Killed Gisasu the pandemonium lord
227781 | Pan      | Identified the +7 rapier of Makhleb's Whim {drain, rF+ rC+
                  | Dex+3}
227783 | Pan      | Identified the staff of poison "Jeta" {rPois rN+ Will+
                  | Int-2}
228051 | Pan      | Identified the amulet "Fugogud" {Harm Regen+ Dex+5}
228078 | Pan      | Noticed Toxkuz the pandemonium lord
228088 | Pan      | Killed Toxkuz the pandemonium lord
228352 | Pan      | Got a demonic rune of Zot
228436 | Pan      | Identified the +4 sling "Dragonslayer" {heavy, rC+}
229733 | Pan      | Entered the realm of Mnoleg.
229748 | Pan      | Gained mutation: You occasionally lose the ability to read
                  | scrolls when taking damage. [a cacodemon]
229784 | Pan      | Noticed Mnoleg
229793 | Pan      | Killed Mnoleg
229808 | Pan      | Gained mutation: Potions are less effective at restoring
                  | your health. [a cacodemon]
229832 | Pan      | Got a glowing rune of Zot
230122 | Pan      | Gained mutation: Your body sometimes deteriorates upon
                  | taking damage. [a cacodemon]
230479 | Pan      | Gained mutation: You do not regenerate when monsters are
                  | visible. [a cacodemon]
230717 | Pan      | Gained mutation: You sometimes lose your temper in combat.
                  | [a cacodemon]
230808 | Pan      | Lost mutation: You are strong-willed. (Will+) [potion of
                  | mutation]
230808 | Pan      | Lost mutation: You do not regenerate when monsters are
                  | visible. [potion of mutation]
230808 | Pan      | Lost mutation: You have supernaturally acute eyesight.
                  | (SInv) [potion of mutation]
230808 | Pan      | Gained mutation: Your body often deteriorates upon taking
                  | damage. [potion of mutation]
230808 | Pan      | Lost mutation: You sometimes lose your temper in combat.
                  | [potion of mutation]
230809 | Pan      | Lost mutation: You are partially covered in iridescent
                  | scales. (AC +2) [potion of mutation]
230809 | Pan      | Lost mutation: You are mostly covered in large bone plates.
                  | (SH +6) [potion of mutation]
230809 | Pan      | Gained mutation: You have sharp toenails. [potion of
                  | mutation]
230810 | Pan      | Lost mutation: You are very dopey. (Int -4) [potion of
                  | mutation]
230810 | Pan      | Lost mutation: You have sharp toenails. [potion of
                  | mutation]
230810 | Pan      | Lost mutation: Potions are less effective at restoring your
                  | health. [potion of mutation]
230810 | Pan      | Gained mutation: You have a pair of small antennae on your
                  | head. [potion of mutation]
230811 | Pan      | Lost mutation: You are dopey. (Int -2) [potion of mutation]
230811 | Pan      | Lost mutation: Your body often deteriorates upon taking
                  | damage. [potion of mutation]
230811 | Pan      | Lost mutation: You have a pair of small antennae on your
                  | head. [potion of mutation]
230811 | Pan      | Gained mutation: You are partially covered in iridescent
                  | scales. (AC +2) [potion of mutation]
230811 | Pan      | Gained mutation: You possess an exceptional clarity of
                  | mind. [potion of mutation]
230811 | Pan      | Gained mutation: You are mostly covered in iridescent
                  | scales. (AC +4) [potion of mutation]
230811 | Pan      | Gained mutation: You have hidden genetic potential. [potion
                  | of mutation]
231486 | Pan      | Gained mutation: You are clumsy. (Dex -2) [a cacodemon]
231487 | Pan      | Gained mutation: You are dopey. (Int -2) [a cacodemon]
231492 | Pan      | Noticed Daexawon the pandemonium lord
231494 | Pan      | Reached skill level 27 in Ice Magic
231494 | Pan      | Reached skill level 5 in Air Magic
231495 | Pan      | Gained mutation: You occasionally lose the ability to drink
                  | potions when taking damage. [a cacodemon]
231500 | Pan      | Killed Daexawon the pandemonium lord
232228 | Pan      | Found an exit through the horrors of the Abyss.
232246 | Pan      | Reached skill level 27 in Summonings
232256 | Pan      | Noticed Datos the pandemonium lord
232260 | Pan      | Killed Datos the pandemonium lord
233266 | Pan      | Took an exit into the Abyss.
233266 | Abyss:1  | Escaped into the Abyss
233491 | Abyss:1  | Found a transporter.
233492 | Abyss:1  | Found a transporter.
233492 | Abyss:1  | Found a corrupted altar of Lugonu.
233505 | Abyss:1  | Identified the ring "Eqifarghu" {rElec MP-9 AC+4 Stlth+}
233567 | Abyss:1  | Found a corrupted altar of Lugonu.
233710 | Abyss:1  | Found a corrupted altar of Lugonu.
233716 | Depths:2 | Escaped the Abyss
234085 | Depths:2 | Lost mutation: You are clumsy. (Dex -2) [potion of
                  | mutation]
234085 | Depths:2 | Lost mutation: Your body sometimes deteriorates upon taking
                  | damage. [potion of mutation]
234085 | Depths:2 | Lost mutation: You have hidden genetic potential. [potion
                  | of mutation]
234085 | Depths:2 | Lost mutation: You are mostly covered in iridescent scales.
                  | (AC +4) [potion of mutation]
234085 | Depths:2 | Gained mutation: You occasionally shout uncontrollably at
                  | your foes. [potion of mutation]
234086 | Depths:2 | Lost mutation: You occasionally lose the ability to read
                  | scrolls when taking damage. [potion of mutation]
234086 | Depths:2 | Lost mutation: You possess an exceptional clarity of mind.
                  | [potion of mutation]
234086 | Depths:2 | Gained mutation: Your spells are a little harder to cast,
                  | but a little more powerful. [potion of mutation]
234086 | Depths:2 | Gained mutation: You are strong-willed. (Will+) [potion of
                  | mutation]
234086 | Depths:2 | Gained mutation: You expend magic power (3 MP) to
                  | strengthen your wands. [potion of mutation]
234219 | Zot:3    | Found a transporter.
234240 | Zot:3    | Noticed Korask's ghost (legendary GrFi)
234243 | Zot:3    | Noticed a dread lich
234249 | Zot:3    | Noticed an ancient lich
234420 | Zot:3    | Killed an ancient lich
234425 | Zot:3    | Killed a dread lich
234426 | Zot:3    | Killed Korask's ghost
234481 | Zot:3    | Found a transporter.
234760 | Zot:3    | Reached skill level 10 in Air Magic
234851 | Zot:3    | Found Hedijigg's CLEARANCE SALE!.
235789 | Lair:1   | Learned a level 6 spell: Plasma Beam
235821 | Zig:1    | Entered Level 1 of a ziggurat
235840 | Zig:1    | Reached skill level 1 in Fire Magic
235855 | Zig:2    | Entered Level 2 of a ziggurat
235988 | Zig:3    | Entered Level 3 of a ziggurat
236062 | Zig:4    | Entered Level 4 of a ziggurat
236158 | Zig:4    | Identified the ring "Tutot" {Fire Int+2}
236166 | Zig:4    | Identified the +8 spear "Nerri Dar" {elec, Str+5}
236186 | Zig:5    | Entered Level 5 of a ziggurat
236195 | Zig:5    | Reached skill level 5 in Fire Magic
236376 | Zig:5    | Identified the ring of the Catfish {rF- Will+ rCorr Str+5
                  | Stlth+}
236386 | Zig:5    | Identified the +2 mace "Larihu" {drain, Int+4}
236395 | Zig:6    | Entered Level 6 of a ziggurat
236401 | Zig:6    | Noticed an ancient lich
236405 | Zig:6    | Killed an ancient lich
236455 | Zig:6    | Identified the +4 scimitar "Qoucro" {freeze, Fly Will+}
236492 | Zig:7    | Entered Level 7 of a ziggurat
236496 | Zig:7    | Noticed a royal mummy
236497 | Zig:7    | Noticed a royal mummy
236499 | Zig:7    | Noticed a royal mummy
236501 | Zig:7    | Killed a royal mummy
236501 | Zig:7    | Killed a royal mummy
236509 | Zig:7    | Killed a royal mummy
236847 | Zig:8    | Entered Level 8 of a ziggurat
236853 | Zig:8    | Noticed Uhynub the pandemonium lord
236857 | Zig:8    | Killed Uhynub the pandemonium lord
236860 | Zig:8    | Reached skill level 10 in Fire Magic
237249 | Zig:8    | Identified the ring "Ycepuery" {rN+ rCorr MP+9}
237284 | Zig:9    | Entered Level 9 of a ziggurat
237294 | Zig:9    | Found the brooch of Shielding {Spirit SH+8}
237452 | Zig:9    | Identified the +8 war axe of the Moon {flame, Str+2}
237524 | Zig:10   | Entered Level 10 of a ziggurat
237675 | Zig:10   | Identified the +2 glaive "Qezxudof" {venom, Str+3 Dex+2}
237721 | Zig:11   | Entered Level 11 of a ziggurat
237731 | Zig:11   | Found the Hermit's Pendant {Faith Invo=14 Evo=0 MP+5}
237846 | Zig:11   | Identified the staff of earth "Toenat" {Stlth+}
237854 | Zig:11   | Identified the +8 morningstar of Yttine {heavy, Str+2}
237855 | Zig:11   | Identified the ring of Day {rF+ Dex+4}
237928 | Zig:12   | Entered Level 12 of a ziggurat
237938 | Zig:12   | Noticed an ancient lich
237942 | Zig:12   | Killed an ancient lich
238393 | Zig:12   | Found the ring of the Hare {EV+10}
238441 | Zig:12   | Identified the +1 whip "Beastslayer" {venom, rC+}
238447 | Zig:12   | Identified the staff of earth "Ankufaeg" {Fly rCorr Str-4
                  | Dex+2}
238450 | Zig:12   | Identified the +8 trident of Uskayaw's Benevolence {drain,
                  | rF- rC+++ Int+8 Stlth-}
238461 | Zig:12   | Identified the ring of Wovynwem {*Corrode rF+ rC++ rN+++
                  | Stlth+}
238500 | Zig:12   | Reached skill level 15 in Fire Magic
238513 | Zig:12   | Learned a level 9 spell: Fire Storm
238515 | Zig:13   | Entered Level 13 of a ziggurat
238518 | Zig:13   | Noticed an orb of fire
238518 | Zig:13   | Noticed an orb of fire
238519 | Zig:13   | Noticed an orb of fire
238521 | Zig:13   | Noticed an orb of fire
238522 | Zig:13   | Noticed an orb of fire
238522 | Zig:13   | Noticed an orb of fire
238522 | Zig:13   | Gained mutation: You sometimes lose your temper in combat.
                  | [an orb of fire]
238523 | Zig:13   | Gained mutation: Your body sometimes deteriorates upon
                  | taking damage. [an orb of fire]
238524 | Zig:13   | Killed an orb of fire
238524 | Zig:13   | Killed an orb of fire
238524 | Zig:13   | Noticed an orb of fire
238524 | Zig:13   | Noticed an orb of fire
238525 | Zig:13   | Killed an orb of fire
238526 | Zig:13   | Gained mutation: You occasionally lose the ability to read
                  | scrolls when taking damage. [an orb of fire]
238527 | Zig:13   | Killed an orb of fire
238527 | Zig:13   | Killed an orb of fire
238527 | Zig:13   | Killed an orb of fire
238537 | Zig:13   | Killed an orb of fire
238539 | Zig:13   | Killed an orb of fire
238812 | Zig:13   | Identified the ring of Zomm {rPois rC+ MP-9 Dex+9}
238821 | Zig:13   | Identified the amulet "Xoniur" {Harm rN+ Regen+ SInv}
238831 | Zig:14   | Entered Level 14 of a ziggurat
238847 | Zig:14   | Found the +12 glaive of Prune {freeze, Prune}
239091 | Zig:14   | Identified the ring of Etiexuas {rN+ Will+ rCorr Str+4}
239119 | Zig:14   | Identified the +0 ring mail of Upos {rC- Int+4 Dex+6}
239169 | Zig:15   | Entered Level 15 of a ziggurat
239324 | Zig:15   | Found the +6 lightning scales {swift, rElec}
239336 | Zig:15   | Identified the ring "Ruff" {Wiz +Blink Fly rN+}
239438 | Zig:15   | Identified the +0 pair of boots of the World {rPois Dex+3}
239463 | Zig:16   | Entered Level 16 of a ziggurat
239699 | Zig:16   | Identified the staff of fire "Jaykkite" {*Corrode rPois rF+
                  | Str+2 Stlth+}
239707 | Zig:16   | Identified the ring of Jinlogg {Fly rElec rF+ rC+ rN++}
239739 | Zig:16   | Lost mutation: Your body sometimes deteriorates upon taking
                  | damage. [potion of mutation]
239739 | Zig:16   | Lost mutation: You expend magic power (3 MP) to strengthen
                  | your wands. [potion of mutation]
239739 | Zig:16   | Lost mutation: Your spells are a little harder to cast, but
                  | a little more powerful. [potion of mutation]
239739 | Zig:16   | Lost mutation: You occasionally lose the ability to read
                  | scrolls when taking damage. [potion of mutation]
239739 | Zig:16   | Gained mutation: Your natural rate of healing is unusually
                  | fast. [potion of mutation]
239740 | Zig:16   | Lost mutation: You occasionally lose the ability to drink
                  | potions when taking damage. [potion of mutation]
239740 | Zig:16   | Lost mutation: Your natural rate of healing is unusually
                  | fast. [potion of mutation]
239740 | Zig:16   | Lost mutation: You are dopey. (Int -2) [potion of mutation]
239740 | Zig:16   | Gained mutation: You are vulnerable to cold. (rC-) [potion
                  | of mutation]
239740 | Zig:16   | Gained mutation: You are agile. (Dex +4, Str/Int -1)
                  | [potion of mutation]
239740 | Zig:16   | Gained mutation: You are highly strong-willed. (Will++)
                  | [potion of mutation]
239741 | Zig:16   | Lost mutation: You occasionally shout uncontrollably at
                  | your foes. [potion of mutation]
239741 | Zig:16   | Lost mutation: You are highly strong-willed. (Will++)
                  | [potion of mutation]
239741 | Zig:16   | Gained mutation: You have hidden genetic potential. [potion
                  | of mutation]
239742 | Zig:16   | Lost mutation: You have hidden genetic potential. [potion
                  | of mutation]
239742 | Zig:16   | Lost mutation: You are vulnerable to cold. (rC-) [potion of
                  | mutation]
239742 | Zig:16   | Lost mutation: You are strong-willed. (Will+) [potion of
                  | mutation]
239742 | Zig:16   | Gained mutation: You are robust. (+10% HP) [potion of
                  | mutation]
239742 | Zig:16   | Gained mutation: You expend magic power (3 MP) to
                  | strengthen your wands. [potion of mutation]
239742 | Zig:16   | Gained mutation: You are strong-willed. (Will+) [potion of
                  | mutation]
239743 | Zig:16   | Lost mutation: You are strong-willed. (Will+) [potion of
                  | mutation]
239743 | Zig:16   | Lost mutation: You are robust. (+10% HP) [potion of
                  | mutation]
239743 | Zig:16   | Lost mutation: You are agile. (Dex +4, Str/Int -1) [potion
                  | of mutation]
239743 | Zig:16   | Gained mutation: You are robust. (+10% HP) [potion of
                  | mutation]
239778 | Zig:16   | Lost mutation: You expend magic power (3 MP) to strengthen
                  | your wands. [potion of mutation]
239778 | Zig:16   | Lost mutation: You are robust. (+10% HP) [potion of
                  | mutation]
239778 | Zig:16   | Lost mutation: You sometimes lose your temper in combat.
                  | [potion of mutation]
239778 | Zig:16   | Gained mutation: You have an increased reservoir of magic.
                  | (+10% MP) [potion of mutation]
239787 | Zig:17   | Entered Level 17 of a ziggurat
239799 | Zig:17   | Reached skill level 15 in Air Magic
240013 | Zig:17   | Identified the +0 cloak "Kikiwykopi" {rC+}
240018 | Zig:17   | Identified the staff of cold "Suzad" {rF- rC+ rN+ Will+
                  | rCorr}
240022 | Zig:17   | Identified the +6 chain mail of Responsibility {Int+4
                  | Dex+3}
240222 | Zig:17   | Identified the +1 hat of Bisuff {rF+}
240223 | Zig:17   | Identified the staff of air "Taw Isire" {rElec rPois rN+
                  | Int+4 Dex+2}
240231 | Zig:18   | Entered Level 18 of a ziggurat
240237 | Zig:18   | Noticed Ditt the pandemonium lord
240237 | Zig:18   | Noticed Teusa the pandemonium lord
240239 | Zig:18   | Noticed Pumoul the pandemonium lord
240241 | Zig:18   | Noticed Wel Jani the pandemonium lord
240243 | Zig:18   | Noticed Oskuasia the pandemonium lord
240243 | Zig:18   | Noticed Xeyso the pandemonium lord
240243 | Zig:18   | Noticed Guxoptul the pandemonium lord
240244 | Zig:18   | Killed Ditt the pandemonium lord
240245 | Zig:18   | Noticed Vusuhuna the pandemonium lord
240245 | Zig:18   | Noticed Buagol Moro the pandemonium lord
240245 | Zig:18   | Noticed Hoedek the pandemonium lord
240245 | Zig:18   | Noticed Recsey the pandemonium lord
240245 | Zig:18   | Noticed Feakler the pandemonium lord
240246 | Zig:18   | Noticed Moephe the pandemonium lord
240247 | Zig:18   | Killed Teusa the pandemonium lord
240247 | Zig:18   | Killed Pumoul the pandemonium lord
240247 | Zig:18   | Killed Feakler the pandemonium lord
240247 | Zig:18   | Noticed Seyq the pandemonium lord
240248 | Zig:18   | Noticed Webih Cac the pandemonium lord
240251 | Zig:18   | Killed Xeyso the pandemonium lord
240251 | Zig:18   | Killed Recsey the pandemonium lord
240251 | Zig:18   | Killed Oskuasia the pandemonium lord
240252 | Zig:18   | Killed Guxoptul the pandemonium lord
240252 | Zig:18   | Killed Wel Jani the pandemonium lord
240252 | Zig:18   | Noticed Bocith the pandemonium lord
240254 | Zig:18   | Killed Bocith the pandemonium lord
240255 | Zig:18   | Killed Hoedek the pandemonium lord
240255 | Zig:18   | Killed Buagol Moro the pandemonium lord
240257 | Zig:18   | Killed Seyq the pandemonium lord
240257 | Zig:18   | Killed Moephe the pandemonium lord
240259 | Zig:18   | Killed Vusuhuna the pandemonium lord
240260 | Zig:18   | Killed Webih Cac the pandemonium lord
240495 | Zig:18   | Identified the +9 glaive of Yschotso {freeze, Str+3 Dex+3}
240496 | Zig:18   | Identified the staff of air "Lussaoqo" {Contam Fragile
                  | rElec Str+4 Dex+6}
240510 | Zig:18   | Identified the +5 scimitar "Killer Bee's Regret" {drain,
                  | *Corrode +Blink rF+}
240549 | Zig:19   | Entered Level 19 of a ziggurat
240554 | Zig:19   | Noticed an ancient lich
240554 | Zig:19   | Noticed a dread lich
240556 | Zig:19   | Killed an ancient lich
240558 | Zig:19   | Noticed a dread lich
240559 | Zig:19   | Killed a dread lich
240560 | Zig:19   | Noticed a dread lich
240561 | Zig:19   | Killed a dread lich
240562 | Zig:19   | Killed a dread lich
240563 | Zig:19   | Noticed an ancient lich
240566 | Zig:19   | Killed an ancient lich
240791 | Zig:19   | Identified the staff of fire "Cuest" {rF+ Dex+4}
240804 | Zig:19   | Identified the staff of fire "Jour" {Fly rPois rF+ rC-
                  | Dex-4}
240805 | Zig:19   | Identified the +7 broad axe "Fezxew" {drain, Drain rC+
                  | Dex+4}
240807 | Zig:19   | Identified the +2 pair of boots "Igeyhipt" {rPois Dex+3}
240816 | Zig:19   | Identified the staff of poison "Izeko" {rPois Int+2}
240833 | Zig:20   | Entered Level 20 of a ziggurat
240841 | Zig:20   | Noticed a dread lich
240842 | Zig:20   | Noticed an ancient lich
240843 | Zig:20   | Noticed an ancient lich
240843 | Zig:20   | Noticed a dread lich
240843 | Zig:20   | Noticed a dread lich
240844 | Zig:20   | Noticed a dread lich
240844 | Zig:20   | Killed an ancient lich
240844 | Zig:20   | Killed a dread lich
240844 | Zig:20   | Noticed a dread lich
240846 | Zig:20   | Killed a dread lich
240846 | Zig:20   | Killed a dread lich
240847 | Zig:20   | Killed an ancient lich
240847 | Zig:20   | Killed a dread lich
240847 | Zig:20   | Noticed an ancient lich
240847 | Zig:20   | Noticed an ancient lich
240848 | Zig:20   | Killed a dread lich
240848 | Zig:20   | Killed an ancient lich
240849 | Zig:20   | Killed an ancient lich
240849 | Zig:20   | Noticed a dread lich
240850 | Zig:20   | Noticed an ancient lich
240850 | Zig:20   | Noticed an ancient lich
240851 | Zig:20   | Killed a dread lich
240851 | Zig:20   | Killed an ancient lich
240853 | Zig:20   | Killed an ancient lich
241091 | Zig:20   | Identified the ring of Humpotog {rN+ Dex+3}
241117 | Zig:21   | Entered Level 21 of a ziggurat
241127 | Zig:21   | Reached skill level 27 in Fire Magic
241139 | Zig:21   | Found the ring of the Mage {Wiz Archmagi}
241410 | Zig:21   | Identified the +2 plate armour of the Heavens {-Cast -Tele
                  | rN+++ rCorr}
241413 | Zig:21   | Identified the staff of cold "Voinlih" {rC+ Int+3}
241415 | Zig:21   | Identified the +7 sling "Jireo" {flame, Drain rN+ MP+9}
241416 | Zig:21   | Identified the ring of Xom's Best Wishes {rCorr EV+5 Dex+4}
241418 | Zig:21   | Identified the +1 robe "Ydil" {Rampage rN+++ Regen+ Str-2}
241431 | Zig:21   | Identified the ring of Kuanicil {Int+6 Dex+4}
241434 | Zig:21   | Identified the +1 arbalest of Nightmares {heavy, rElec
                  | rPois rC- rCorr}
241504 | Zig:22   | Entered Level 22 of a ziggurat
241763 | Zig:22   | Found the amulet of Elemental Vulnerability {rPois rF--
                  | rC-- AC+8}
241828 | Zig:22   | Identified the staff of poison "Veaqu" {rPois rC++}
241833 | Zig:22   | Identified the ring of Wehiong {rF+ rN+ Str+6 Int+4}
241852 | Zig:22   | Identified the amulet "Oseowa" {Reflect +Blink rElec rC-
                  | SH+5}
241867 | Zig:23   | Entered Level 23 of a ziggurat
241873 | Zig:23   | Noticed a juggernaut
241875 | Zig:23   | Noticed a juggernaut
241877 | Zig:23   | Killed a juggernaut
241879 | Zig:23   | Killed a juggernaut
242138 | Zig:23   | Identified the +0 helmet "Bunikuno" {Rampage +Blink rF+}
242145 | Zig:23   | Identified the staff of fire "Ilait" {rElec rF+ Dex+5}
242306 | Zig:23   | Identified the +6 battleaxe of Hymaim {holy, Int+4}
242330 | Zig:24   | Entered Level 24 of a ziggurat
242390 | Zig:24   | Found the +7 sceptre of Torment {pain, torment}
242702 | Zig:24   | Identified the +0 fire dragon scales "Zufix" {Fly rF++ rC-
                  | Will+ SInv}
242715 | Zig:24   | Identified the +3 chain mail "Qilo Xue" {Rampage rF+ rCorr}
242731 | Zig:24   | Identified the +2 rapier of Goiw {holy, rC+ rN+ Int+2}
242733 | Zig:24   | Identified the +6 morningstar of Hoebiteu {spect, rElec}
242760 | Zig:25   | Entered Level 25 of a ziggurat
242765 | Zig:25   | Noticed an orb of fire
242766 | Zig:25   | Noticed an orb of fire
242768 | Zig:25   | Noticed an orb of fire
242770 | Zig:25   | Noticed an orb of fire
242770 | Zig:25   | Noticed an orb of fire
242771 | Zig:25   | Noticed an orb of fire
242771 | Zig:25   | Killed an orb of fire
242771 | Zig:25   | Noticed an orb of fire
242772 | Zig:25   | Noticed an orb of fire
242772 | Zig:25   | Noticed an orb of fire
242772 | Zig:25   | Killed an orb of fire
242773 | Zig:25   | Noticed an orb of fire
242774 | Zig:25   | Killed an orb of fire
242774 | Zig:25   | Noticed an orb of fire
242775 | Zig:25   | Killed an orb of fire
242775 | Zig:25   | Killed an orb of fire
242775 | Zig:25   | Gained mutation: You occasionally shout uncontrollably at
                  | your foes. [an orb of fire]
242776 | Zig:25   | Noticed an orb of fire
242777 | Zig:25   | Killed an orb of fire
242778 | Zig:25   | Noticed an orb of fire
242778 | Zig:25   | Killed an orb of fire
242778 | Zig:25   | Killed an orb of fire
242778 | Zig:25   | Noticed an orb of fire
242779 | Zig:25   | Killed an orb of fire
242779 | Zig:25   | Killed an orb of fire
242780 | Zig:25   | Noticed an orb of fire
242782 | Zig:25   | Noticed an orb of fire
242783 | Zig:25   | Killed an orb of fire
242787 | Zig:25   | Killed an orb of fire
242787 | Zig:25   | Killed an orb of fire
242787 | Zig:25   | Killed an orb of fire
242788 | Zig:25   | Killed an orb of fire
242794 | Zig:25   | Killed an orb of fire
243120 | Zig:25   | Identified the +4 quarterstaff of Premature Burial {holy,
                  | Will+ Dex+4}
243128 | Zig:25   | Identified the ring "Qositu" {AC+4 Int+3}
243130 | Zig:25   | Identified the +0 short sword "Zuqasef" {drain, rPois rN+
                  | Dex+3}
243136 | Zig:25   | Identified the staff of cold "Sajias" {rC+ Int+3 Stlth+}
243141 | Zig:25   | Identified the +2 lajatang of Odof {flame, Drain rPois
                  | Int+4}
243146 | Zig:25   | Identified the +0 spear of Might {distort, *Rage Dex+6}
243147 | Zig:25   | Identified the staff of earth "Piaju" {rN+}
243166 | Zig:26   | Entered Level 26 of a ziggurat
243192 | Zig:26   | Reached skill level 27 in Air Magic
243194 | Zig:26   | Reached skill level 1 in Necromancy
243473 | Zig:26   | Identified the +0 broad axe of Uskayaw's Regard {heavy,
                  | Fragile Int+3 Dex+2}
243556 | Zig:26   | Identified the +6 hand crossbow "Raisin" {heavy, Str+2}
243602 | Zig:27   | Entered Level 27 of a ziggurat
243607 | Zig:27   | Noticed Vuifayf the pandemonium lord
243608 | Zig:27   | Noticed Onwintej the pandemonium lord
243609 | Zig:27   | Noticed Saifug the pandemonium lord
243609 | Zig:27   | Noticed Ojitainte the pandemonium lord
243612 | Zig:27   | Noticed Fev Anaydgh the pandemonium lord
243613 | Zig:27   | Killed Saifug the pandemonium lord
243614 | Zig:27   | Killed Vuifayf the pandemonium lord
243614 | Zig:27   | Noticed Tegargh the pandemonium lord
243615 | Zig:27   | Noticed Ygor the pandemonium lord
243615 | Zig:27   | Noticed Biekoren the pandemonium lord
243616 | Zig:27   | Noticed Cuorin the pandemonium lord
243616 | Zig:27   | Noticed Jommacun the pandemonium lord
243617 | Zig:27   | Noticed Ydywoh the pandemonium lord
243617 | Zig:27   | Noticed Qasch the pandemonium lord
243618 | Zig:27   | Killed Ojitainte the pandemonium lord
243618 | Zig:27   | Noticed Vihafomu the pandemonium lord
243618 | Zig:27   | Noticed Luxellom the pandemonium lord
243619 | Zig:27   | Killed Cuorin the pandemonium lord
243620 | Zig:27   | Reached skill level 5 in Necromancy
243620 | Zig:27   | Killed Biekoren the pandemonium lord
243621 | Zig:27   | Noticed Kitoesmo the pandemonium lord
243621 | Zig:27   | Killed Fev Anaydgh the pandemonium lord
243621 | Zig:27   | Noticed Mojes the pandemonium lord
243621 | Zig:27   | Noticed Gosoy the pandemonium lord
243622 | Zig:27   | Killed Luxellom the pandemonium lord
243622 | Zig:27   | Killed Jommacun the pandemonium lord
243622 | Zig:27   | Noticed Cuamul the pandemonium lord
243625 | Zig:27   | Killed Ygor the pandemonium lord
243625 | Zig:27   | Killed Vihafomu the pandemonium lord
243626 | Zig:27   | Killed Ydywoh the pandemonium lord
243626 | Zig:27   | Killed Kitoesmo the pandemonium lord
243626 | Zig:27   | Killed Tegargh the pandemonium lord
243626 | Zig:27   | Killed Qasch the pandemonium lord
243626 | Zig:27   | Noticed Leyv the pandemonium lord
243626 | Zig:27   | Noticed Rilubriezi the pandemonium lord
243628 | Zig:27   | Killed Mojes the pandemonium lord
243629 | Zig:27   | Killed Onwintej the pandemonium lord
243630 | Zig:27   | Reached skill level 10 in Evocations
243630 | Zig:27   | Killed Gosoy the pandemonium lord
243631 | Zig:27   | Noticed Zeudin the pandemonium lord
243632 | Zig:27   | Killed Cuamul the pandemonium lord
243632 | Zig:27   | Noticed Wuwuink the pandemonium lord
243633 | Zig:27   | Noticed Deorph the pandemonium lord
243634 | Zig:27   | Noticed Lipn the pandemonium lord
243636 | Zig:27   | Noticed Zingykao the pandemonium lord
243636 | Zig:27   | Killed Wuwuink the pandemonium lord
243636 | Zig:27   | Killed Leyv the pandemonium lord
243637 | Zig:27   | Killed Zingykao the pandemonium lord
243642 | Zig:27   | Killed Deorph the pandemonium lord
243643 | Zig:27   | Killed Rilubriezi the pandemonium lord
243643 | Zig:27   | Killed Zeudin the pandemonium lord
243644 | Zig:27   | Killed Lipn the pandemonium lord
243963 | Zig:27   | Identified the +5 hand axe "Eviscerator" {drain, rPois MP+9
                  | Dex+3}
243968 | Zig:27   | Identified the +1 battleaxe of Siorgh {heavy, rElec Int+2}
243969 | Zig:27   | Identified the staff of fire "Gyecar" {rElec rF+ Dex+5}
243977 | Zig:27   | Identified the +8 great sword of Blood {flame, Str+3}
243996 | Zig:27   | Identified the +1 cloak of the Miller {Contam Dex+3 Slay+3}
244000 | Zig:27   | Identified the +4 trident of Doom {flame, rC+ Will++}
244099 | Lair:1   | Acquired a manual of Necromancy
244103 | Lair:1   | Acquired a manual of Evocations
244107 | Lair:1   | Acquired a manual of Poison Magic
244111 | Lair:1   | Acquired 939 gold pieces
244187 | Lair:1   | Reached skill level 10 in Necromancy
244193 | Lair:1   | Reached skill level 15 in Evocations
244956 | Zot:4    | Noticed an orb of fire
244964 | Zot:4    | Gained mutation: You occasionally lose the ability to drink
                  | potions when taking damage. [an orb of fire]
244970 | Zot:4    | Gained mutation: Your body sometimes deteriorates upon
                  | taking damage. [an orb of fire]
244970 | Zot:4    | Gained mutation: You are frail. (-10% HP) [an orb of fire]
244994 | Zot:4    | Noticed Prykner's ghost (legendary FoFi)
245061 | Zot:4    | Gained mutation: You do not regenerate when monsters are
                  | visible. [an orb of fire]
245642 | Zot:4    | Killed Prykner's ghost
245751 | Zot:4    | Identified the +5 mace of Derghil {flame, Int+6 Dex-5}
245795 | Zot:4    | Found an opulent altar of Gozag.
246107 | Zot:4    | Killed an orb of fire
246513 | Zot:5    | Entered Level 5 of the Realm of Zot
246630 | Zot:5    | Noticed an ancient lich
246638 | Zot:5    | Killed an ancient lich
246998 | Zot:5    | Noticed an orb of fire
247005 | Zot:5    | Noticed a dread lich
247009 | Zot:5    | Killed a dread lich
247020 | Zot:5    | Noticed a dread lich
247021 | Zot:5    | Killed a dread lich
247028 | Zot:5    | Noticed an ancient lich
247029 | Zot:5    | Killed an ancient lich
247081 | Zot:5    | Noticed an orb of fire
247089 | Zot:5    | Killed an orb of fire
247096 | Zot:5    | Killed an orb of fire
247097 | Zot:5    | Reached skill level 15 in Necromancy
247112 | Zot:5    | Noticed a dread lich
247131 | Zot:5    | Killed a dread lich
247283 | Zot:5    | Noticed an ancient lich
247285 | Zot:5    | Killed an ancient lich
247481 | Zot:5    | Noticed an ancient lich
247484 | Zot:5    | Killed an ancient lich
247625 | Zot:5    | Killed an ancient lich
247663 | Zot:5    | Noticed an orb of fire
247670 | Zot:5    | Killed an orb of fire
248550 | Lair:1   | Acquired the +8 orange crystal plate armour {Archmagi,
                  | Int+3 Clar}
248550 | Lair:1   | Found the +8 orange crystal plate armour {Archmagi, Int+3
                  | Clar}
250546 | Zot:5    | Got the Orb of Zot
251185 | D:$      | Escaped with the Orb!

Illustrated notes

Levels and vault maps discovered:
D:1:      eino_arrival_cavern_d, layout_basic, kennysheep_flooded_box
D:2:      layout_loops_ring, basic_altar
D:3:      layout_basic, overflow_temple_1_default,
          ebering_ecumenical_altar_hall, uniq_terence
D:4:      layout_rooms, general_overflow_altar, nicolae_gozag_seed_capital,
          nrook_mini_backslash, minmay_door_square
D:5:      layout_cave_pools, okawaru_trees_2, nicolae_overflow_crystal_walls,
          minmay_temple_entry_enclosed_plants, nicolae_stop_n_shop_2
D:6:      layout_cave_pods, zin_treasury, kennysheep_mini_moat,
          mainiacjoe_overflow_alcove_4, lemuel_mausoleum_altar_kikubaaqudgha,
          uniq_duvessa
D:7:      layout_cave_pools, nicolae_elyvilon_peaceful_grove, uniq_pikel
D:8:      wad_arrow_thing, layout_loops_ring, lemuel_doored_altar,
          mainiacjoe_overflow_alcove_1, makhleb_altar_promises_db,
          grunt_lair_entry_orc_guard_hut, uniq_erica, uniq_maurice, uniq_joseph
D:9:      layout_small_grid, jmf_multi_god_temple2, reono_crystal_passage,
          minmay_misc_feat_diagonals
D:10:     hellmonk_paralyzer, layout_small_grid, orc_0_dummy, kennysheep_dice
D:11:     layout_irregular_city, kennysheep_generic_room_3
D:12:     layout_basic, gammafunk_ghost_wrathful_warriors
D:13:     evilmike_iron_armoury, layout_loops_ring
D:14:     layout_stronghold, lightli_vaults_fourway_checkpoint,
          hangedman_abyss_or_decor_clamps, nicolae_dithmenos_shadow_blocks
D:15:     hangedman_depths_entry_try_elsewhere_first, layout_stronghold,
          minmay_misc_feat_rows, gammafunk_ghost_grave, nicolae_blasting_shop
Temple:   hellmonk_temple_divided_pantheon
Lair:1:   dreamdust_isle_of_ice, layout_cave_pods
Lair:2:   layout_regular_city, dreamdust_gnoll_shepherd, serial_bayou_shore_b,
          lemuel_fruit_tree, grunt_megastairs_3
Lair:3:   layout_regular_city, nicolae_shoals_entry_roost,
          spider_nest_entry_webs, uniq_snorg
Lair:4:   layout_regular_city, beast_lair_carwin_9, grunt_megastairs_5,
          uniq_nessos
Lair:5:   wormcave, layout_cave_pods, hangedman_lair_caniforms_friends,
          minmay_slime_entry_pillars, serial_bayou_shore_a, grunt_megastairs_4,
          uniq_sonja
Shoals:1: layout_shoals
Shoals:2: layout_shoals, uniq_roxanne
Shoals:3: dreamdust_from_the_deep, layout_shoals, uniq_polyphemus, uniq_ilsuiw
Shoals:4: shoals_end_grunt_garden, layout_shoals, gammafunk_ghost_tricky_traps,
          nicolae_shoals_sun_and_surf, uniq_mara, uniq_louise
Spider:1: layout_spider_delve, gammafunk_ghost_necromancy, uniq_frances
Spider:2: layout_spider_delve, nicolae_spider_scorpion_nest
Spider:3: layout_spider_delve, uniq_arachne, uniq_azrael, uniq_donald,
          uniq_bai_suzhen
Spider:4: grunt_spider_rune_circles
Slime:1:  layout_caves
Slime:2:  layout_caves
Slime:3:  layout_caves, nicolae_slime_getting_an_eyeful
Slime:4:  layout_caves, nicolae_slime_phagocytosis
Slime:5
Orc:1:    layout_caves, mines3_lemuel
Orc:2:    grunt_orc_community_town_hall, layout_diamond_mine,
          grunt_orc_community_big_house_1, grunt_orc_community_big_house_1,
          grunt_orc_community_house_1, grunt_orc_community_house_3,
          grunt_orc_community_house_3, grunt_orc_community_house_1,
          grunt_orc_community_house_3, grunt_orc_community_house_3, basic_altar,
          mines5_lemuel
Elf:1:    eino_elf_arrival_customs, layout_geoelf_octagon, serial_shops,
          nicolae_shop_tiny_waterfront, hangedman_elf_represent,
          hangedman_glass_teeth, glass_columns_b, st_stairs_4, hex_large
Elf:2:    nicolae_elf_blades_crystal_corner, layout_geoelf_grid, uniq_asterion
Elf:3:    grunt_elf_hall_diamonds, layout_geoelf_castle,
          serial_sigils_hangedman_etch, minivault_14, sword_in_stone
Vaults:1: v_pattern_4, st_octagons_2, hangedman_vaults_stagger, v_misc_12,
          vaults_mumra_hex, vaults_mumra_hexcomb, nicolae_vaults_diamond_1,
          hangedman_vaults_pinch, nicolae_vaults_angled_halls,
          layout_vaults_omnicross, nicolae_trove_entry_free_sample,
          serial_shops, nicolae_shop_hallway_stairs, uniq_saint_roka
Vaults:2: hangedman_vaults_stream, nicolae_vaults_meiosis,
          dpeg_vaults_pockets_of_resistance, nicolae_vaults_alarming,
          nicolae_vaults_heart-shaped_vault,
          nicolae_vaults_taking_the_gang_shopping,
          nicolae_vaults_heart-shaped_vault, v_misc_8, v_misc_16,
          nicolae_vaults_trapezoid_layered, layout_vaults_ring
Vaults:3: ebering_ghost_inner_flame, st_more_cells,
          nicolae_vaults_storage_closets_2, ontoclasm_vaults_ligature,
          nicolae_vaults_closet_pinwheel_1, vaults_mumra_minichess,
          minmay_crypt_entry_skeletal_spiral, nicolae_vaults_little_squares_3,
          nicolae_vaults_doubleplus_tesselated, layout_vaults_omnigrid,
          serial_shops, nicolae_shop_hallway_stairs
Vaults:4: dpeg_vaults_monster_box, ontoclasm_vaults_misaligned, v_misc_2,
          nicolae_vaults_door_testing_chamber, v_misc_26, ontoclasm_vaults_chip,
          ontoclasm_vaults_claustrophobia, nicolae_vaults_diamond_2,
          nicolae_vaults_gold_heap, nicolae_vaults_tetromino_Z_2,
          layout_vaults_big_room
Vaults:5: uniq_margery
Crypt:1:  layout_gridlike, nzn_ghost_randoct, uniq_josephina, uniq_mennas
Crypt:2:  layout_rooms, st_stairs_14, roderic_lattice_octagonal_star
Crypt:3:  david_glass_crypt, layout_basic, tomb_entry_forgotten_bobbens
Tomb:1
Tomb:2
Tomb:3
Depths:1: layout_roguey, nicolae_kite_square_tiling_tiny,
          hangedman_coc_ice_floe, kennysheep_big_empty_room, not_door_vault_due,
          uniq_aizul
Depths:2: evilmike_library_of_no_secrets, layout_gridville, enter_ziggurat_a,
          rand_demon_pan_entry_3, hellmonk_ghost_happy_afterlife,
          lightli_too_deep, nicolae_shop_i_like_small_books_too,
          wad_floor_pattern_untrapped
Depths:3: minmay_four_inscribed_fans, layout_gridlike, abyss_entry_flame_altar,
          pan_entry, nicolae_ashenzari_skybound, hell_entry, uniq_boris
Depths:4: evilmike_zot_entry_argh, layout_basic, hellmouth_1, fountainhead,
          uniq_grunn
Hell
Dis:1:    layout_subdivisions
Dis:2:    layout_subdivisions
Dis:3:    layout_subdivisions
Dis:4:    layout_jigsaw, nicolae_dis_bowling_alley
Dis:5:    layout_overlapping_boxes
Dis:6:    layout_jigsaw
Dis:7:    dis_grunt_layers
Geh:1:    layout_gehenna_pools_basic
Geh:2:    layout_gehenna_pools_triple, evilmike_ambush
          [evilmike_ambush_outer_basic, evilmike_ambush_inner_pond]
Geh:3:    layout_gehenna_pools_triple
Geh:4:    layout_gehenna_pools_box
Geh:5:    layout_gehenna_lava_caves, gehenna_fire_generator
Geh:6:    layout_gehenna_pools_box
Geh:7:    geh_grunt
Coc:1:    layout_ice_bergs
Coc:2:    layout_ice_bergs
Coc:3:    layout_cocytus_water_paths
Coc:4:    layout_cocytus_delve, serial_ice, serial_ice_d, serial_ice_c,
          serial_ice_h, serial_ice_n
Coc:5:    layout_cocytus_water_paths
Coc:6:    layout_cocytus_delve, nicolae_hells_seeping_fissure
Coc:7:    coc_dpeg
Tar:1:    layout_honeycomb, nicolae_tar_honey_rotating
Tar:2:    layout_grid_maze
Tar:3:    layout_catacombs, door_vault
Tar:4:    layout_catacombs
Tar:5:    layout_grid_maze
Tar:6:    layout_honeycomb, lemuel_nasty_fountain
Tar:7:    tar_grunt_cathedral
Zot:1:    kennysheep_oblong_rooms, layout_onion_interference,
          ebering_ghost_rock_garden, grunt_ministairs_8
Zot:2:    layout_onion, hangedman_elemental_corridor
Zot:3:    layout_gridlike, gammafunk_ghost_abyssal_escape,
          nicolae_shop_clearance, lemuel_elevator
Zot:4:    dreamdust_black_sun_cult, layout_gridville, ebering_ghost_gozag,
          grunt_megastairs_2
Zot:5:    layout_misc_corridors

Skill      XL: |  1  2  3  4  5  6  7  8  9 10 11 12 13 14 15 16 17 18 19 20 21 22 23 24 25 26 27 |
---------------+----------------------------------------------------------------------------------+-----
Transmutations | 1 25 | 25.7
Earth Magic    | 4 5 6 7 9 10 11 12 14 15 16 17 18 19 20 21 22 23 24 25 27 | 27.0
Spellcasting   | 3 4 5 7 8 9 10 11 12 13 14 15 16 17 18 19 20 21 27 | 27.0
Armour         | 1 2 3 5 7 8 10 11 12 13 14 15 16 17 18 19 20 27 | 27.0
Dodging        | 2 3 4 5 6 7 27 | 27.0
Stealth        | 3 4 5 6 27 | 27.0
Conjurations   | 1 3 6 8 9 10 12 13 14 15 17 18 19 20 21 27 | 27.0
Fighting       | 1 2 3 4 27 | 27.0
Evocations     | 1 2 3 4 17 | 17.5
Unarmed Combat | 1 27 | 27.0
Shields        | 3 6 8 9 10 12 13 14 15 16 17 27 | 27.0
Staves         | 1 2 3 27 | 27.0
Summonings     | 1 27 | 27.0
Ice Magic      | 27 | 27.0
Air Magic      | 27 | 27.0
Fire Magic     | 27 | 27.0
Necromancy     | 15 | 15.7

Action                     |  1- 3 |  4- 6 |  7- 9 | 10-12 | 13-15 | 16-18 | 19-21 | 22-24 | 25-27 || total
---------------------------+-------+-------+-------+-------+-------+-------+-------+-------+-------++-------
  Melee: Unarmed           |       |       |     3 |    24 |    11 |       |       |       |    22 ||    60
         Staff             |       |       |       |       |     7 |    16 |   174 |    19 |  3766 ||  3982
         Punch             |       |       |       |       |     1 |       |       |       |     3 ||     4
         Bite              |       |       |       |       |       |     4 |       |       |       ||     4
   Cast: Sandblast         |    54 |    85 |    79 |    23 |    25 |     1 |       |       |       ||   267
         Stone Arrow       |       |       |    85 |   370 |   761 |   571 |       |       |     4 ||  1791
         Iron Shot         |       |       |       |     6 |    48 |   509 |   645 |    98 |  1803 ||  3109
         Petrify           |       |       |       |     1 |     1 |       |       |       |       ||     2
         Animate Armour    |       |       |       |       |     5 |     3 |     1 |       |     3 ||    12
         Lee's Rapid Decon |       |       |       |       |       |       |   161 |    76 |    99 ||   336
         Irradiate         |       |       |       |       |       |       |     1 |       |     4 ||     5
         Lehudib's Crystal |       |       |       |       |       |       |       |    29 |   218 ||   247
         Shatter           |       |       |       |       |       |       |       |       |  1157 ||  1157
         Spellforged Servi |       |       |       |       |       |       |       |       |   145 ||   145
         Polar Vortex      |       |       |       |       |       |       |       |       |    55 ||    55
         Fire Storm        |       |       |       |       |       |       |       |       |    19 ||    19
         Ozocubu's Refrige |       |       |       |       |       |       |       |       |     4 ||     4
         Storm Form        |       |       |       |       |       |       |       |       |     3 ||     3
         Plasma Beam       |       |       |       |       |       |       |       |       |     3 ||     3
         Iskenderun's Batt |       |       |       |       |       |       |       |       |     2 ||     2
         Dragon's Call     |       |       |       |       |       |       |       |       |     2 ||     2
         Blade Hands       |       |       |       |       |       |       |       |       |     1 ||     1
         Swiftness         |       |       |       |       |       |       |       |       |     1 ||     1
         Summon Horrible T |       |       |       |       |       |       |       |       |     1 ||     1
 Invoke: Call Merchant     |       |       |       |       |       |     2 |     2 |       |    12 ||    16
         Potion Petition   |       |       |       |       |       |       |       |       |   116 ||   116
Ability: End Transformatio |       |       |       |       |       |       |       |       |     2 ||     2
         Blinkbolt         |       |       |       |       |       |       |       |       |     1 ||     1
  Evoke: Wand              |       |       |     4 |     7 |    40 |    31 |       |     1 |    12 ||    95
         Tin of tremorston |       |       |       |       |       |       |     2 |       |     3 ||     5
         Lightning rod     |       |       |       |       |       |       |       |       |     4 ||     4
         Phantom mirror    |       |       |       |       |       |       |       |       |     4 ||     4
         Figurine of a zig |       |       |       |       |       |       |       |       |     3 ||     3
         Horn of Geryon    |       |       |       |       |       |       |       |       |     2 ||     2
    Use: Scroll            |       |     4 |     2 |    10 |     8 |    13 |    11 |     2 |    28 ||    78
         Potion            |       |       |     1 |     2 |     2 |    11 |     4 |     3 |    78 ||   101
   Stab: Sleeping          |       |       |       |       |     1 |       |       |       |     9 ||    10
         Distracted        |       |       |       |       |       |       |     2 |       |   116 ||   118
         Invisible         |       |       |       |       |       |       |       |       |    30 ||    30
 Armour: Robe              |     8 |       |       |     3 |   330 |   710 |    18 |       |       ||  1069
         Leather armour    |     3 |    18 |    49 |    85 |       |       |   217 |    73 |   207 ||   652
         Quicksilver drago |       |       |       |       |       |       |       |       |   994 ||   994
         Gold dragon scale |       |       |       |       |       |       |       |       |   133 ||   133
         Crystal plate arm |       |       |       |       |       |       |       |       |     7 ||     7
         Skin              |       |       |       |       |       |       |       |       |     4 ||     4
  Dodge: Dodged            |    16 |    49 |    83 |    55 |   247 |   586 |   349 |    88 |  2834 ||  4307
  Block: Buckler           |       |       |       |       |    33 |   337 |    18 |       |       ||   388
         Kite shield       |       |       |       |       |    25 |       |   368 |   115 |  5204 ||  5712
         Reflection        |       |       |       |       |       |       |       |       |   148 ||   148
         Other             |       |       |       |       |       |       |       |       |     1 ||     1
